Workbook
Name сумм_аммортиз: Калькуляция!$D$74:$D$86
Name сумм_аммортиз: #REF!

Sheet Правила и справки
B1: Правила заполнения
A2: 1 | B2: Настоящая форма содержит вкладки - "Статистическая ЗП", "Калькуляция", "Расчет ФОТ" и «Приложение к договору» . Листы "Калькуляция" и "Расчет ФОТ" являются обязательными для заполнения в полном объеме.
A3: 2 | B3: Заполнению (редактированию) подлежат ячейки, отмеченные серым маркером. Остальные ячейки защищены от редактирования (в них не требуется вносить изменения и/или значения параметров в них рассчитываются автоматически).
A4: 3 | B4: Штатное расписание во вкладке "Расчет ФОТ" подлежит заполнению в зависимости от обслуживаемого объекта и необходимого графика работы
A5: 4 | B5: Сроки амортизации основных средств определяются каждым участником самостоятельно в соответствии с действующим законодательством РФ.
A6: 5 | B6: В настоящей форме Калькуляции все затраты необходимо указывать без учета НДС.
A7: 6 | B7: Компании, работающие на УСН (без НДС), считают затраты без учета налога на добавленную стоимость. Далее необходимо прибавлять сумму расчетного налога согласно внутренней системе упрощенного налогообложения.
A8: 7 | B8: В разделе «Амортизация ОС» не допускается указывать в основные средства с нулевой остаточной стоимостью. При формировании Калькуляции необходимо в обязательном порядке учитывать затраты на амортизацию каждого основного средства (исходя из ежемесячной амортизации нового основного средства).
A9: 8 | B9: В разделе «Инвентарь» не допускается указывать инвентарь б/у и/или инвентарь с нулевой стоимостью. В Калькуляцию каждого проекта необходимо закладывать приобретение нового инвентаря по действующим на момент расчета ценам поставщиков.
A10: 9 | B10: В разделе «Спецодежда» указанное количество комплектов спецодежды должно соответствовать планируемому количеству персонала и учитывать сезонность (зима/лето) и условия труда. Для контрактов продолжительностью более 1(одного) года необходимо учитывать ежегодное приобретение комплектов «летней» спецодежды для всех сотрудников, комплекты «зимней» спецодежды подлежат обновлению не реже, чем 1 раз в 2(два) года.
A11: 10 | B11: В разделе «Расходы на СОУТ (новый объект), по охране труда (ОТ) и промышленной безопасности (ПБ)» в обязательном порядке должны быть учтены соответствующие затраты на выполнение нормативов и требований в области охраны труда, пожарной и промышленной безопасности (в т.ч. медосмотры, медкнижки, освидетельствование рабочих мест, аттестации по электро- и пожарной безопасности и т.д.) по действующим на момент расчета расценкам поставщиков указанных услуг.
A12: 11 | B12: В разделе «Эксплуатация и ремонт оборудования» указываются затраты на ремонт и обслуживание основных средств, а также затраты на приобретение расходных материалов (щетки, скребки, резинки и др.). Данные затраты должны ежегодно составлять не менее 5% от стоимости основного средства.
B15: Справочная информация
A16: 1 | B16: Согласно производственному календарю в 2026 году 1972 максимально возможных рабочих часов (при 40- часовой рабочей неделе) по одному трудовому договору (без переработок), т.е. 164,3 часа среднемесячно. ТК РФ допускается работа по совместительству с продолжительностью рабочего времени, не превышающей половины месячной нормы рабочего времени, в 2026 году это 1972/2=986 часов. Таким образом, расчет максимально возможного количества рабочих часов в год по основному договору и договору совместительства выглядит следующим образом: 1972+0,5*1 972=2958 /12 месяцев=246,5 часов (среднемесячно). Согласно ТК РФ максимально возможное количество человеко-часов (3 078/ в год) можно установить графиком работы персоналу 6/1-10 часов, это основной договор плюс договор совместительства. В случае установки графика работы, при котором количество человеко- часов по каждой специальности и каждому сотруднику превышает 3 078 часов в год, ячейка с итоговым количеством человеко- часов (столбец J вкладки "Расчет ФОТ") окрашивается в красный цвет, если не превышает- в зеленый.
A17: 2 | B17: Заработная плата за 1 час устанавливается в размере не менее определенного по формуле (далее – Минимальная расчетная заработная плата за 1 час): 80% от среднего уровня заработной платы по отрасли в регионе оказания услуг, определенной в соответствии с данными, опубликованными Федеральной службой государственной статистики на официальном сайте Единой межведомственной информационно-статистической системы (далее – ЕМИСС)/246 (далее – Средний уровень заработной платы за час), где 246 – это максимально возможное количество рабочих часов среднемесячно по трудовому договору и договору совместительства на 1 человека в соответствии с ТК РФ. При этом максимальное количество отработанных сотрудником часов среднемесячно не должно превышать 246 рабочих часов Для целей расчета среднего уровня заработной платы по отрасли принимаются данные о среднемесячной начисленной заработной плате работников организаций, соответствующих отраслевому виду экономической деятельности по ОКВЭД-2 (группа 81.2 «Деятельность по чистке и уборке»), за последний период (год,квартал), опубликованный на официальном сайте ЕМИСС, на момент составления расчета. В случае, если определенная таким образом минимальная расчетная заработная плата за 1 час работы окажется ниже уровня заработной платы, рассчитанного по формуле: МРОТ (минимальный размер заработной платы, установленной в субъекте РФ)/164 рабочих часа (далее Минимальный размер заработной платы за час), где 164 – это количество рабочих часов в месяц для 40 часовой рабочей недели, согласно производственному календарю, Минимальная расчетная заработная плата за 1 час принимается Исполнителем равной Минимальному размеру заработной платы за час (МРОТ/164). Процент отклонения отображается в столбце АА "Расчет ФОТ", подсвечивается зеленым в случае соответствия, красным в случае несоответствия требуемому критерию.
A18: 3 | B18: Расчет заработной платы в час во вкладке "Статистическая ЗП" производится из максимально возможных согласно ТК РФ 246 часов среднемесячно при работе сотрудника по основному договору и договору совместительства, формула расчета представлена в п.1
A19: 4 | B19: Количество дней отпуска рассчитывается исходя из 28 календарных дней. Дополнительно учитывается отпуск, установленный законодательством для районов Крайнего Севера и приравненных к ним (8,16 или 24 календарных дня), а также отпуск, который может быть установлен по результатам специальной оценки условий труда (СОУТ).
A20: 5 | B20: Оплата праздничных дней производится в двойном размере.
A21: 6 | B21: Размер оплачиваемого работодателем больничного листа в расчете учитывается для каждого сотрудника в размере не менее стоимости 3 (трёх) рабочих дней ежегодно.
A22: 7 | B22: Размер страховых взносов для граждан РФ и иностранных граждан составляет 30%, без учета страховых взносов от несчастных случаев, которые закладываются согласно таблице производственных рисков (от 0,2 до 8,5%). Применительно к клинингу страховые взносы в ФСС по несчастным случаям в среднем равны 0,5%.
A23: 8 | B23: Вкладка "Приложение к договору", в которой указываются расчетная стоимость услуги с разбивкой на статьи затрат и расчетная стоимость трудового ресурса, заполняется автоматически при заполнении вкладок "Калькуляция" и "Расчет ФОТ".

Sheet Статистическая ЗП
B1: Данные ЕМИСС за январь - май 2026 г. по коду ОКВЭД2 81.2 Услуги по чистке и уборке* | L1: МРОТ (на 01.08.2026)* | R1: Значение для сравнения в час, включая страховые взносы, отпускные и больничные | W1: Значение для сравнения (справочно), включая отпускные и больничные (без страховых взносов)
B2: Код субъекта РФ | C2: Регион РФ | D2: Среднемесячно | E2: ЕМИСС минус 20% | G2: ЕМИСС среднемесячно минус 20% в час, включая страховые взносы | L2: в месяц | M2: в час | N2: в час, включая отпускные, больничные, страховые взносы | O2: в месяц, включая отпускные и больничные (без страховых взносов) | P2: в час, включая отпускные и больничные (без страховых взносов) | R2: не МСП | S2: МСП | W2: в месяц | X2: в час | AC2: 0.05 | AD2: =AC2/AE2 -> 0.052631579 | AE2: =100%-AC2 -> 0.95
AC3: 0.07 | AD3: =AC3/AE3 -> 0.075268817 | AE3: =100%-AC3 -> 0.93
E4: среднемесячно | F4: в час | G4: не МСП | H4: МСП | AC4: 0.22 | AD4: =AC4/AE4 -> 0.28205128 | AE4: =100%-AC4 -> 0.78
A5: 1 | B5: 01 | C5: Республика Адыгея | D5: 48625.1 | E5: =D5*0.8 -> 38900.08 | F5: =E5/246 -> 158.13041 | G5: =F5*1.305 -> 206.36018 | H5: =IF(F5>$M$5,$M$5*1.305+(F5-$M$5)*1.155,F5*1.305) -> 206.36018 | K5: =CONCATENATE(B5," ",C5) -> 01 Республика Адыгея | L5: 27093 | M5: =L5/164 -> 165.20122 | N5: =((M5/29.3*28*100%/12)+M5)*1.305+M5*164*24/730*3/12/164 -> 234.11393 | O5: =($L5/29.3*28/12)+$L5+$L5*24/730*3/12 -> 29473.259 | P5: =($M5/29.3*28/12)+$M5+$M5*24/730*3/12 -> 179.71499 | R5: =IF(N5>G5,N5,G5) -> 234.11393 | S5: =IF(N5>H5,N5,H5) -> 234.11393 | U5: Бюджет/Здравоохранение | V5: МСП | W5: =IF(O5>E5,O5,E5) -> 38900.08 | X5: =IF(P5>F5,P5,F5) -> 179.71499
A6: 2 | B6: 02 | C6: Республика Башкортостан | D6: 47109.3 | E6: =D6*0.8 -> 37687.44 | F6: =E6/246 -> 153.20098 | G6: =F6*1.305 -> 199.92727 | H6: =IF(F6>$M$5,$M$5*1.305+(F6-$M$5)*1.155,F6*1.305) -> 199.92727 | K6: =CONCATENATE(B6," ",C6) -> 02 Республика Башкортостан | L6: 28697 | M6: =L6/164 -> 174.98171 | N6: =((M6/29.3*28*100%/12)+M6)*1.305+M6*164*24/730*3/12/164 -> 247.97429 | O6: =($L6/29.3*28/12)+$L6+$L6*24/730*3/12 -> 31218.179 | P6: =($M6/29.3*28/12)+$M6+$M6*24/730*3/12 -> 190.35475 | R6: =IF(N6>G6,N6,G6) -> 247.97429 | S6: =IF(N6>H6,N6,H6) -> 247.97429 | U6: Бюджет/Образование | V6: не МСП | W6: =IF(O6>E6,O6,E6) -> 37687.44 | X6: =IF(P6>F6,P6,F6) -> 190.35475
A7: 3 | B7: 03 | C7: Республика Бурятия | D7: 65418.6 | E7: =D7*0.8 -> 52334.88 | F7: =E7/246 -> 212.74341 | G7: =F7*1.305 -> 277.63016 | H7: =IF(F7>$M$5,$M$5*1.305+(F7-$M$5)*1.155,F7*1.305) -> 270.49883 | K7: =CONCATENATE(B7," ",C7) -> 03 Республика Бурятия | L7: 27093 | M7: =L7/164 -> 165.20122 | N7: =((M7/29.3*28*100%/12)+M7)*1.305+M7*164*24/730*3/12/164 -> 234.11393 | O7: =($L7/29.3*28/12)+$L7+$L7*24/730*3/12 -> 29473.259 | P7: =($M7/29.3*28/12)+$M7+$M7*24/730*3/12 -> 179.71499 | R7: =IF(N7>G7,N7,G7) -> 277.63016 | S7: =IF(N7>H7,N7,H7) -> 270.49883 | U7: Бюджет/ФОИВ | W7: =IF(O7>E7,O7,E7) -> 52334.88 | X7: =IF(P7>F7,P7,F7) -> 212.74341
A8: 4 | B8: 04 | C8: Республика Алтай | D8: 45606.6 | E8: =D8*0.8 -> 36485.28 | F8: =E8/246 -> 148.31415 | G8: =F8*1.305 -> 193.54996 | H8: =IF(F8>$M$5,$M$5*1.305+(F8-$M$5)*1.155,F8*1.305) -> 193.54996 | K8: =CONCATENATE(B8," ",C8) -> 04 Республика Алтай | L8: 27093 | M8: =L8/164 -> 165.20122 | N8: =((M8/29.3*28*100%/12)+M8)*1.305+M8*164*24/730*3/12/164 -> 234.11393 | O8: =($L8/29.3*28/12)+$L8+$L8*24/730*3/12 -> 29473.259 | P8: =($M8/29.3*28/12)+$M8+$M8*24/730*3/12 -> 179.71499 | R8: =IF(N8>G8,N8,G8) -> 234.11393 | S8: =IF(N8>H8,N8,H8) -> 234.11393 | U8: Бюджет/Силовые структуры | W8: =IF(O8>E8,O8,E8) -> 36485.28 | X8: =IF(P8>F8,P8,F8) -> 179.71499
A9: 5 | B9: 05 | C9: Республика Дагестан | D9: 41898.3 | E9: =D9*0.8 -> 33518.64 | F9: =E9/246 -> 136.25463 | G9: =F9*1.305 -> 177.8123 | H9: =IF(F9>$M$5,$M$5*1.305+(F9-$M$5)*1.155,F9*1.305) -> 177.8123 | K9: =CONCATENATE(B9," ",C9) -> 05 Республика Дагестан | L9: 27093 | M9: =L9/164 -> 165.20122 | N9: =((M9/29.3*28*100%/12)+M9)*1.305+M9*164*24/730*3/12/164 -> 234.11393 | O9: =($L9/29.3*28/12)+$L9+$L9*24/730*3/12 -> 29473.259 | P9: =($M9/29.3*28/12)+$M9+$M9*24/730*3/12 -> 179.71499 | R9: =IF(N9>G9,N9,G9) -> 234.11393 | S9: =IF(N9>H9,N9,H9) -> 234.11393 | U9: Бюджет/ЖД и Метрополитены | W9: =IF(O9>E9,O9,E9) -> 33518.64 | X9: =IF(P9>F9,P9,F9) -> 179.71499
A10: 6 | B10: 06 | C10: Республика Ингушетия | D10: 25131.9 | E10: =D10*0.8 -> 20105.52 | F10: =E10/246 -> 81.729756 | G10: =F10*1.305 -> 106.65733 | H10: =IF(F10>$M$5,$M$5*1.305+(F10-$M$5)*1.155,F10*1.305) -> 106.65733 | K10: =CONCATENATE(B10," ",C10) -> 06 Республика Ингушетия | L10: 27093 | M10: =L10/164 -> 165.20122 | N10: =((M10/29.3*28*100%/12)+M10)*1.305+M10*164*24/730*3/12/164 -> 234.11393 | O10: =($L10/29.3*28/12)+$L10+$L10*24/730*3/12 -> 29473.259 | P10: =($M10/29.3*28/12)+$M10+$M10*24/730*3/12 -> 179.71499 | R10: =IF(N10>G10,N10,G10) -> 234.11393 | S10: =IF(N10>H10,N10,H10) -> 234.11393 | U10: Бюджет/Прочие | W10: =IF(O10>E10,O10,E10) -> 29473.259 | X10: =IF(P10>F10,P10,F10) -> 179.71499
A11: 7 | B11: 07 | C11: Кабардино-Балкарская Республика | D11: 54234.4 | E11: =D11*0.8 -> 43387.52 | F11: =E11/246 -> 176.37203 | G11: =F11*1.305 -> 230.1655 | H11: =IF(F11>$M$5,$M$5*1.305+(F11-$M$5)*1.155,F11*1.305) -> 228.48988 | K11: =CONCATENATE(B11," ",C11) -> 07 Кабардино-Балкарская Республика | L11: 27093 | M11: =L11/164 -> 165.20122 | N11: =((M11/29.3*28*100%/12)+M11)*1.305+M11*164*24/730*3/12/164 -> 234.11393 | O11: =($L11/29.3*28/12)+$L11+$L11*24/730*3/12 -> 29473.259 | P11: =($M11/29.3*28/12)+$M11+$M11*24/730*3/12 -> 179.71499 | R11: =IF(N11>G11,N11,G11) -> 234.11393 | S11: =IF(N11>H11,N11,H11) -> 234.11393 | U11: Индустрия/Нефтегазовая промышленность | W11: =IF(O11>E11,O11,E11) -> 43387.52 | X11: =IF(P11>F11,P11,F11) -> 179.71499
A12: 8 | B12: 08 | C12: Республика Калмыкия | D12: 49582.9 | E12: =D12*0.8 -> 39666.32 | F12: =E12/246 -> 161.2452 | G12: =F12*1.305 -> 210.42499 | H12: =IF(F12>$M$5,$M$5*1.305+(F12-$M$5)*1.155,F12*1.305) -> 210.42499 | K12: =CONCATENATE(B12," ",C12) -> 08 Республика Калмыкия | L12: 27093 | M12: =L12/164 -> 165.20122 | N12: =((M12/29.3*28*100%/12)+M12)*1.305+M12*164*24/730*3/12/164 -> 234.11393 | O12: =($L12/29.3*28/12)+$L12+$L12*24/730*3/12 -> 29473.259 | P12: =($M12/29.3*28/12)+$M12+$M12*24/730*3/12 -> 179.71499 | R12: =IF(N12>G12,N12,G12) -> 234.11393 | S12: =IF(N12>H12,N12,H12) -> 234.11393 | U12: Индустрия/Машиностроение | W12: =IF(O12>E12,O12,E12) -> 39666.32 | X12: =IF(P12>F12,P12,F12) -> 179.71499
A13: 9 | B13: 09 | C13: Карачаево-Черкесская Республика | D13: 39505.1 | E13: =D13*0.8 -> 31604.08 | F13: =E13/246 -> 128.47187 | G13: =F13*1.305 -> 167.65579 | H13: =IF(F13>$M$5,$M$5*1.305+(F13-$M$5)*1.155,F13*1.305) -> 167.65579 | K13: =CONCATENATE(B13," ",C13) -> 09 Карачаево-Черкесская Республика | L13: 27093 | M13: =L13/164 -> 165.20122 | N13: =((M13/29.3*28*100%/12)+M13)*1.305+M13*164*24/730*3/12/164 -> 234.11393 | O13: =($L13/29.3*28/12)+$L13+$L13*24/730*3/12 -> 29473.259 | P13: =($M13/29.3*28/12)+$M13+$M13*24/730*3/12 -> 179.71499 | R13: =IF(N13>G13,N13,G13) -> 234.11393 | S13: =IF(N13>H13,N13,H13) -> 234.11393 | U13: Индустрия/Пищевая | W13: =IF(O13>E13,O13,E13) -> 31604.08 | X13: =IF(P13>F13,P13,F13) -> 179.71499
A14: 10 | B14: 10 | C14: Республика Карелия | D14: 91811.1 | E14: =D14*0.8 -> 73448.88 | F14: =E14/246 -> 298.57268 | G14: =F14*1.305 -> 389.63735 | H14: =IF(F14>$M$5,$M$5*1.305+(F14-$M$5)*1.155,F14*1.305) -> 369.63163 | K14: =CONCATENATE(B14," ",C14) -> 10 Республика Карелия | L14: 27093 | M14: =L14/164 -> 165.20122 | N14: =((M14/29.3*28*100%/12)+M14)*1.305+M14*164*24/730*3/12/164 -> 234.11393 | O14: =($L14/29.3*28/12)+$L14+$L14*24/730*3/12 -> 29473.259 | P14: =($M14/29.3*28/12)+$M14+$M14*24/730*3/12 -> 179.71499 | R14: =IF(N14>G14,N14,G14) -> 389.63735 | S14: =IF(N14>H14,N14,H14) -> 369.63163 | U14: Индустрия/Фармацевтическая | W14: =IF(O14>E14,O14,E14) -> 73448.88 | X14: =IF(P14>F14,P14,F14) -> 298.57268
A15: 11 | B15: 11 | C15: Республика Коми | D15: 58984.1 | E15: =D15*0.8 -> 47187.28 | F15: =E15/246 -> 191.81821 | G15: =F15*1.305 -> 250.32277 | H15: =IF(F15>$M$5,$M$5*1.305+(F15-$M$5)*1.155,F15*1.305) -> 246.33022 | K15: =CONCATENATE(B15," ",C15) -> 11 Республика Коми | L15: 27093 | M15: =L15/164 -> 165.20122 | N15: =((M15/29.3*28*100%/12)+M15)*1.305+M15*164*24/730*3/12/164 -> 234.11393 | O15: =($L15/29.3*28/12)+$L15+$L15*24/730*3/12 -> 29473.259 | P15: =($M15/29.3*28/12)+$M15+$M15*24/730*3/12 -> 179.71499 | R15: =IF(N15>G15,N15,G15) -> 250.32277 | S15: =IF(N15>H15,N15,H15) -> 246.33022 | U15: Индустрия/Уголь, руда, металл | W15: =IF(O15>E15,O15,E15) -> 47187.28 | X15: =IF(P15>F15,P15,F15) -> 191.81821
A16: 12 | B16: 12 | C16: Республика Марий Эл | D16: 64124.1 | E16: =D16*0.8 -> 51299.28 | F16: =E16/246 -> 208.53366 | G16: =F16*1.305 -> 272.13642 | H16: =IF(F16>$M$5,$M$5*1.305+(F16-$M$5)*1.155,F16*1.305) -> 265.63656 | K16: =CONCATENATE(B16," ",C16) -> 12 Республика Марий Эл | L16: 27093 | M16: =L16/164 -> 165.20122 | N16: =((M16/29.3*28*100%/12)+M16)*1.305+M16*164*24/730*3/12/164 -> 234.11393 | O16: =($L16/29.3*28/12)+$L16+$L16*24/730*3/12 -> 29473.259 | P16: =($M16/29.3*28/12)+$M16+$M16*24/730*3/12 -> 179.71499 | R16: =IF(N16>G16,N16,G16) -> 272.13642 | S16: =IF(N16>H16,N16,H16) -> 265.63656 | U16: Индустрия/Энергетика | W16: =IF(O16>E16,O16,E16) -> 51299.28 | X16: =IF(P16>F16,P16,F16) -> 208.53366
A17: 13 | B17: 13 | C17: Республика Мордовия | D17: 62089.6 | E17: =D17*0.8 -> 49671.68 | F17: =E17/246 -> 201.9174 | G17: =F17*1.305 -> 263.5022 | H17: =IF(F17>$M$5,$M$5*1.305+(F17-$M$5)*1.155,F17*1.305) -> 257.99478 | K17: =CONCATENATE(B17," ",C17) -> 13 Республика Мордовия | L17: 27093 | M17: =L17/164 -> 165.20122 | N17: =((M17/29.3*28*100%/12)+M17)*1.305+M17*164*24/730*3/12/164 -> 234.11393 | O17: =($L17/29.3*28/12)+$L17+$L17*24/730*3/12 -> 29473.259 | P17: =($M17/29.3*28/12)+$M17+$M17*24/730*3/12 -> 179.71499 | R17: =IF(N17>G17,N17,G17) -> 263.5022 | S17: =IF(N17>H17,N17,H17) -> 257.99478 | U17: Индустрия/ Прочая | W17: =IF(O17>E17,O17,E17) -> 49671.68 | X17: =IF(P17>F17,P17,F17) -> 201.9174
A18: 14 | B18: 14 | C18: Республика Саха (Якутия) | D18: 67049.4 | E18: =D18*0.8 -> 53639.52 | F18: =E18/246 -> 218.04683 | G18: =F18*1.305 -> 284.55111 | H18: =IF(F18>$M$5,$M$5*1.305+(F18-$M$5)*1.155,F18*1.305) -> 276.62427 | K18: =CONCATENATE(B18," ",C18) -> 14 Республика Саха (Якутия) | L18: 27093 | M18: =L18/164 -> 165.20122 | N18: =((M18/29.3*28*100%/12)+M18)*1.305+M18*164*24/730*3/12/164 -> 234.11393 | O18: =($L18/29.3*28/12)+$L18+$L18*24/730*3/12 -> 29473.259 | P18: =($M18/29.3*28/12)+$M18+$M18*24/730*3/12 -> 179.71499 | R18: =IF(N18>G18,N18,G18) -> 284.55111 | S18: =IF(N18>H18,N18,H18) -> 276.62427 | U18: Недвижимость/Аэропорты, стадионы и пр. | W18: =IF(O18>E18,O18,E18) -> 53639.52 | X18: =IF(P18>F18,P18,F18) -> 218.04683
A19: 15 | B19: 15 | C19: Республика Северная Осетия-Алания | D19: 33413.5 | E19: =D19*0.8 -> 26730.8 | F19: =E19/246 -> 108.66179 | G19: =F19*1.305 -> 141.80363 | H19: =IF(F19>$M$5,$M$5*1.305+(F19-$M$5)*1.155,F19*1.305) -> 141.80363 | K19: =CONCATENATE(B19," ",C19) -> 15 Республика Северная Осетия-Алания | L19: 27093 | M19: =L19/164 -> 165.20122 | N19: =((M19/29.3*28*100%/12)+M19)*1.305+M19*164*24/730*3/12/164 -> 234.11393 | O19: =($L19/29.3*28/12)+$L19+$L19*24/730*3/12 -> 29473.259 | P19: =($M19/29.3*28/12)+$M19+$M19*24/730*3/12 -> 179.71499 | R19: =IF(N19>G19,N19,G19) -> 234.11393 | S19: =IF(N19>H19,N19,H19) -> 234.11393 | U19: Недвижимость/Жилая | W19: =IF(O19>E19,O19,E19) -> 29473.259 | X19: =IF(P19>F19,P19,F19) -> 179.71499
A20: 16 | B20: 16 | C20: Республика Татарстан (Татарстан) | D20: 47594.8 | E20: =D20*0.8 -> 38075.84 | F20: =E20/246 -> 154.77984 | G20: =F20*1.305 -> 201.98769 | H20: =IF(F20>$M$5,$M$5*1.305+(F20-$M$5)*1.155,F20*1.305) -> 201.98769 | K20: =CONCATENATE(B20," ",C20) -> 16 Республика Татарстан (Татарстан) | L20: 28160 | M20: =L20/164 -> 171.70732 | N20: =((M20/29.3*28*100%/12)+M20)*1.305+M20*164*24/730*3/12/164 -> 243.33401 | O20: =($L20/29.3*28/12)+$L20+$L20*24/730*3/12 -> 30634 | P20: =($M20/29.3*28/12)+$M20+$M20*24/730*3/12 -> 186.79269 | R20: =IF(N20>G20,N20,G20) -> 243.33401 | S20: =IF(N20>H20,N20,H20) -> 243.33401 | U20: Недвижимость/Логистическая | W20: =IF(O20>E20,O20,E20) -> 38075.84 | X20: =IF(P20>F20,P20,F20) -> 186.79269
A21: 17 | B21: 17 | C21: Республика Тыва | D21: 66061.6 | E21: =D21*0.8 -> 52849.28 | F21: =E21/246 -> 214.83447 | G21: =F21*1.305 -> 280.35899 | H21: =IF(F21>$M$5,$M$5*1.305+(F21-$M$5)*1.155,F21*1.305) -> 272.914 | K21: =CONCATENATE(B21," ",C21) -> 17 Республика Тыва | L21: 27093 | M21: =L21/164 -> 165.20122 | N21: =((M21/29.3*28*100%/12)+M21)*1.305+M21*164*24/730*3/12/164 -> 234.11393 | O21: =($L21/29.3*28/12)+$L21+$L21*24/730*3/12 -> 29473.259 | P21: =($M21/29.3*28/12)+$M21+$M21*24/730*3/12 -> 179.71499 | R21: =IF(N21>G21,N21,G21) -> 280.35899 | S21: =IF(N21>H21,N21,H21) -> 272.914 | U21: Недвижимость/Офисная | W21: =IF(O21>E21,O21,E21) -> 52849.28 | X21: =IF(P21>F21,P21,F21) -> 214.83447
A22: 18 | B22: 18 | C22: Удмуртская Республика | D22: 52942.7 | E22: =D22*0.8 -> 42354.16 | F22: =E22/246 -> 172.17138 | G22: =F22*1.305 -> 224.68365 | H22: =IF(F22>$M$5,$M$5*1.305+(F22-$M$5)*1.155,F22*1.305) -> 223.63813 | K22: =CONCATENATE(B22," ",C22) -> 18 Удмуртская Республика | L22: 31157 | M22: =L22/164 -> 189.98171 | N22: =((M22/29.3*28*100%/12)+M22)*1.305+M22*164*24/730*3/12/164 -> 269.23145 | O22: =($L22/29.3*28/12)+$L22+$L22*24/730*3/12 -> 33894.302 | P22: =($M22/29.3*28/12)+$M22+$M22*24/730*3/12 -> 206.67257 | R22: =IF(N22>G22,N22,G22) -> 269.23145 | S22: =IF(N22>H22,N22,H22) -> 269.23145 | U22: Недвижимость/Торгово-развлекательная | W22: =IF(O22>E22,O22,E22) -> 42354.16 | X22: =IF(P22>F22,P22,F22) -> 206.67257
A23: 19 | B23: 19 | C23: Республика Хакасия | D23: 60759 | E23: =D23*0.8 -> 48607.2 | F23: =E23/246 -> 197.59024 | G23: =F23*1.305 -> 257.85527 | H23: =IF(F23>$M$5,$M$5*1.305+(F23-$M$5)*1.155,F23*1.305) -> 252.99691 | K23: =CONCATENATE(B23," ",C23) -> 19 Республика Хакасия | L23: 27093 | M23: =L23/164 -> 165.20122 | N23: =((M23/29.3*28*100%/12)+M23)*1.305+M23*164*24/730*3/12/164 -> 234.11393 | O23: =($L23/29.3*28/12)+$L23+$L23*24/730*3/12 -> 29473.259 | P23: =($M23/29.3*28/12)+$M23+$M23*24/730*3/12 -> 179.71499 | R23: =IF(N23>G23,N23,G23) -> 257.85527 | S23: =IF(N23>H23,N23,H23) -> 252.99691 | U23: Недвижимость/Прочая | W23: =IF(O23>E23,O23,E23) -> 48607.2 | X23: =IF(P23>F23,P23,F23) -> 197.59024
A24: 20 | B24: 20 | C24: Чеченская Республика | D24: 47143.1 | E24: =D24*0.8 -> 37714.48 | F24: =E24/246 -> 153.31089 | G24: =F24*1.305 -> 200.07072 | H24: =IF(F24>$M$5,$M$5*1.305+(F24-$M$5)*1.155,F24*1.305) -> 200.07072 | K24: =CONCATENATE(B24," ",C24) -> 20 Чеченская Республика | L24: 27093 | M24: =L24/164 -> 165.20122 | N24: =((M24/29.3*28*100%/12)+M24)*1.305+M24*164*24/730*3/12/164 -> 234.11393 | O24: =($L24/29.3*28/12)+$L24+$L24*24/730*3/12 -> 29473.259 | P24: =($M24/29.3*28/12)+$M24+$M24*24/730*3/12 -> 179.71499 | R24: =IF(N24>G24,N24,G24) -> 234.11393 | S24: =IF(N24>H24,N24,H24) -> 234.11393 | U24: Cети/Nonfood | W24: =IF(O24>E24,O24,E24) -> 37714.48 | X24: =IF(P24>F24,P24,F24) -> 179.71499
A25: 21 | B25: 21 | C25: Чувашская Республика - Чувашия | D25: 49363.6 | E25: =D25*0.8 -> 39490.88 | F25: =E25/246 -> 160.53203 | G25: =F25*1.305 -> 209.4943 | H25: =IF(F25>$M$5,$M$5*1.305+(F25-$M$5)*1.155,F25*1.305) -> 209.4943 | K25: =CONCATENATE(B25," ",C25) -> 21 Чувашская Республика - Чувашия | L25: 27093 | M25: =L25/164 -> 165.20122 | N25: =((M25/29.3*28*100%/12)+M25)*1.305+M25*164*24/730*3/12/164 -> 234.11393 | O25: =($L25/29.3*28/12)+$L25+$L25*24/730*3/12 -> 29473.259 | P25: =($M25/29.3*28/12)+$M25+$M25*24/730*3/12 -> 179.71499 | R25: =IF(N25>G25,N25,G25) -> 234.11393 | S25: =IF(N25>H25,N25,H25) -> 234.11393 | U25: Сети/Магазины у дома | W25: =IF(O25>E25,O25,E25) -> 39490.88 | X25: =IF(P25>F25,P25,F25) -> 179.71499
A26: 22 | B26: 22 | C26: Алтайский край | D26: 41467.5 | E26: =D26*0.8 -> 33174 | F26: =E26/246 -> 134.85366 | G26: =F26*1.305 -> 175.98402 | H26: =IF(F26>$M$5,$M$5*1.305+(F26-$M$5)*1.155,F26*1.305) -> 175.98402 | K26: =CONCATENATE(B26," ",C26) -> 22 Алтайский край | L26: 28475 | M26: =L26/164 -> 173.62805 | N26: =((M26/29.3*28*100%/12)+M26)*1.305+M26*164*24/730*3/12/164 -> 246.05596 | O26: =($L26/29.3*28/12)+$L26+$L26*24/730*3/12 -> 30976.675 | P26: =($M26/29.3*28/12)+$M26+$M26*24/730*3/12 -> 188.88216 | R26: =IF(N26>G26,N26,G26) -> 246.05596 | S26: =IF(N26>H26,N26,H26) -> 246.05596 | U26: Сети/Супермаркеты | W26: =IF(O26>E26,O26,E26) -> 33174 | X26: =IF(P26>F26,P26,F26) -> 188.88216
A27: 23 | B27: 23 | C27: Краснодарский край | D27: 55968.5 | E27: =D27*0.8 -> 44774.8 | F27: =E27/246 -> 182.01138 | G27: =F27*1.305 -> 237.52485 | H27: =IF(F27>$M$5,$M$5*1.305+(F27-$M$5)*1.155,F27*1.305) -> 235.00333 | K27: =CONCATENATE(B27," ",C27) -> 23 Краснодарский край | L27: 28448 | M27: =L27/164 -> 173.46341 | N27: =((M27/29.3*28*100%/12)+M27)*1.305+M27*164*24/730*3/12/164 -> 245.82265 | O27: =($L27/29.3*28/12)+$L27+$L27*24/730*3/12 -> 30947.303 | P27: =($M27/29.3*28/12)+$M27+$M27*24/730*3/12 -> 188.70307 | R27: =IF(N27>G27,N27,G27) -> 245.82265 | S27: =IF(N27>H27,N27,H27) -> 245.82265 | U27: Сети/Гипермаркеты | W27: =IF(O27>E27,O27,E27) -> 44774.8 | X27: =IF(P27>F27,P27,F27) -> 188.70307
A28: 24 | B28: 24 | C28: Красноярский край | D28: 80090 | E28: =D28*0.8 -> 64072 | F28: =E28/246 -> 260.45528 | G28: =F28*1.305 -> 339.89415 | H28: =IF(F28>$M$5,$M$5*1.305+(F28-$M$5)*1.155,F28*1.305) -> 325.60604 | K28: =CONCATENATE(B28," ",C28) -> 24 Красноярский край | L28: 27093 | M28: =L28/164 -> 165.20122 | N28: =((M28/29.3*28*100%/12)+M28)*1.305+M28*164*24/730*3/12/164 -> 234.11393 | O28: =($L28/29.3*28/12)+$L28+$L28*24/730*3/12 -> 29473.259 | P28: =($M28/29.3*28/12)+$M28+$M28*24/730*3/12 -> 179.71499 | R28: =IF(N28>G28,N28,G28) -> 339.89415 | S28: =IF(N28>H28,N28,H28) -> 325.60604 | U28: Сети/Распределительные центры | W28: =IF(O28>E28,O28,E28) -> 64072 | X28: =IF(P28>F28,P28,F28) -> 260.45528
A29: 25 | B29: 25 | C29: Приморский край | D29: 74490.8 | E29: =D29*0.8 -> 59592.64 | F29: =E29/246 -> 242.2465 | G29: =F29*1.305 -> 316.13169 | H29: =IF(F29>$M$5,$M$5*1.305+(F29-$M$5)*1.155,F29*1.305) -> 304.5749 | K29: =CONCATENATE(B29," ",C29) -> 25 Приморский край | L29: 27093 | M29: =L29/164 -> 165.20122 | N29: =((M29/29.3*28*100%/12)+M29)*1.305+M29*164*24/730*3/12/164 -> 234.11393 | O29: =($L29/29.3*28/12)+$L29+$L29*24/730*3/12 -> 29473.259 | P29: =($M29/29.3*28/12)+$M29+$M29*24/730*3/12 -> 179.71499 | R29: =IF(N29>G29,N29,G29) -> 316.13169 | S29: =IF(N29>H29,N29,H29) -> 304.5749 | U29: Сети/Офисы | W29: =IF(O29>E29,O29,E29) -> 59592.64 | X29: =IF(P29>F29,P29,F29) -> 242.2465
A30: 26 | B30: 26 | C30: Ставропольский край | D30: 46560.6 | E30: =D30*0.8 -> 37248.48 | F30: =E30/246 -> 151.41659 | G30: =F30*1.305 -> 197.59864 | H30: =IF(F30>$M$5,$M$5*1.305+(F30-$M$5)*1.155,F30*1.305) -> 197.59864 | K30: =CONCATENATE(B30," ",C30) -> 26 Ставропольский край | L30: 27869 | M30: =L30/164 -> 169.93293 | N30: =((M30/29.3*28*100%/12)+M30)*1.305+M30*164*24/730*3/12/164 -> 240.81944 | O30: =($L30/29.3*28/12)+$L30+$L30*24/730*3/12 -> 30317.435 | P30: =($M30/29.3*28/12)+$M30+$M30*24/730*3/12 -> 184.86241 | R30: =IF(N30>G30,N30,G30) -> 240.81944 | S30: =IF(N30>H30,N30,H30) -> 240.81944 | U30: Прочее | W30: =IF(O30>E30,O30,E30) -> 37248.48 | X30: =IF(P30>F30,P30,F30) -> 184.86241
A31: 27 | B31: 27 | C31: Хабаровский край | D31: 66874.5 | E31: =D31*0.8 -> 53499.6 | F31: =E31/246 -> 217.47805 | G31: =F31*1.305 -> 283.80885 | H31: =IF(F31>$M$5,$M$5*1.305+(F31-$M$5)*1.155,F31*1.305) -> 275.96733 | K31: =CONCATENATE(B31," ",C31) -> 27 Хабаровский край | L31: 27093 | M31: =L31/164 -> 165.20122 | N31: =((M31/29.3*28*100%/12)+M31)*1.305+M31*164*24/730*3/12/164 -> 234.11393 | O31: =($L31/29.3*28/12)+$L31+$L31*24/730*3/12 -> 29473.259 | P31: =($M31/29.3*28/12)+$M31+$M31*24/730*3/12 -> 179.71499 | R31: =IF(N31>G31,N31,G31) -> 283.80885 | S31: =IF(N31>H31,N31,H31) -> 275.96733 | W31: =IF(O31>E31,O31,E31) -> 53499.6 | X31: =IF(P31>F31,P31,F31) -> 217.47805
A32: 28 | B32: 28 | C32: Амурская область | D32: 58467.4 | E32: =D32*0.8 -> 46773.92 | F32: =E32/246 -> 190.13789 | G32: =F32*1.305 -> 248.12994 | H32: =IF(F32>$M$5,$M$5*1.305+(F32-$M$5)*1.155,F32*1.305) -> 244.38944 | K32: =CONCATENATE(B32," ",C32) -> 28 Амурская область | L32: 27093 | M32: =L32/164 -> 165.20122 | N32: =((M32/29.3*28*100%/12)+M32)*1.305+M32*164*24/730*3/12/164 -> 234.11393 | O32: =($L32/29.3*28/12)+$L32+$L32*24/730*3/12 -> 29473.259 | P32: =($M32/29.3*28/12)+$M32+$M32*24/730*3/12 -> 179.71499 | R32: =IF(N32>G32,N32,G32) -> 248.12994 | S32: =IF(N32>H32,N32,H32) -> 244.38944 | W32: =IF(O32>E32,O32,E32) -> 46773.92 | X32: =IF(P32>F32,P32,F32) -> 190.13789
A33: 29 | B33: 29 | C33: Архангельская область | D33: 58119.9 | E33: =D33*0.8 -> 46495.92 | F33: =E33/246 -> 189.0078 | G33: =F33*1.305 -> 246.65519 | H33: =IF(F33>$M$5,$M$5*1.305+(F33-$M$5)*1.155,F33*1.305) -> 243.0842 | K33: =CONCATENATE(B33," ",C33) -> 29 Архангельская область | L33: 27093 | M33: =L33/164 -> 165.20122 | N33: =((M33/29.3*28*100%/12)+M33)*1.305+M33*164*24/730*3/12/164 -> 234.11393 | O33: =($L33/29.3*28/12)+$L33+$L33*24/730*3/12 -> 29473.259 | P33: =($M33/29.3*28/12)+$M33+$M33*24/730*3/12 -> 179.71499 | R33: =IF(N33>G33,N33,G33) -> 246.65519 | S33: =IF(N33>H33,N33,H33) -> 243.0842 | W33: =IF(O33>E33,O33,E33) -> 46495.92 | X33: =IF(P33>F33,P33,F33) -> 189.0078
A34: 30 | B34: 30 | C34: Астраханская область | D34: 42532.7 | E34: =D34*0.8 -> 34026.16 | F34: =E34/246 -> 138.31772 | G34: =F34*1.305 -> 180.50463 | H34: =IF(F34>$M$5,$M$5*1.305+(F34-$M$5)*1.155,F34*1.305) -> 180.50463 | K34: =CONCATENATE(B34," ",C34) -> 30 Астраханская область | L34: 27093 | M34: =L34/164 -> 165.20122 | N34: =((M34/29.3*28*100%/12)+M34)*1.305+M34*164*24/730*3/12/164 -> 234.11393 | O34: =($L34/29.3*28/12)+$L34+$L34*24/730*3/12 -> 29473.259 | P34: =($M34/29.3*28/12)+$M34+$M34*24/730*3/12 -> 179.71499 | R34: =IF(N34>G34,N34,G34) -> 234.11393 | S34: =IF(N34>H34,N34,H34) -> 234.11393 | W34: =IF(O34>E34,O34,E34) -> 34026.16 | X34: =IF(P34>F34,P34,F34) -> 179.71499
A35: 31 | B35: 31 | C35: Белгородская область | D35: 51304.3 | E35: =D35*0.8 -> 41043.44 | F35: =E35/246 -> 166.84325 | G35: =F35*1.305 -> 217.73044 | H35: =IF(F35>$M$5,$M$5*1.305+(F35-$M$5)*1.155,F35*1.305) -> 217.48414 | K35: =CONCATENATE(B35," ",C35) -> 31 Белгородская область | L35: 27093 | M35: =L35/164 -> 165.20122 | N35: =((M35/29.3*28*100%/12)+M35)*1.305+M35*164*24/730*3/12/164 -> 234.11393 | O35: =($L35/29.3*28/12)+$L35+$L35*24/730*3/12 -> 29473.259 | P35: =($M35/29.3*28/12)+$M35+$M35*24/730*3/12 -> 179.71499 | R35: =IF(N35>G35,N35,G35) -> 234.11393 | S35: =IF(N35>H35,N35,H35) -> 234.11393 | W35: =IF(O35>E35,O35,E35) -> 41043.44 | X35: =IF(P35>F35,P35,F35) -> 179.71499
A36: 32 | B36: 32 | C36: Брянская область | D36: 47075.8 | E36: =D36*0.8 -> 37660.64 | F36: =E36/246 -> 153.09203 | G36: =F36*1.305 -> 199.7851 | H36: =IF(F36>$M$5,$M$5*1.305+(F36-$M$5)*1.155,F36*1.305) -> 199.7851 | K36: =CONCATENATE(B36," ",C36) -> 32 Брянская область | L36: 27093 | M36: =L36/164 -> 165.20122 | N36: =((M36/29.3*28*100%/12)+M36)*1.305+M36*164*24/730*3/12/164 -> 234.11393 | O36: =($L36/29.3*28/12)+$L36+$L36*24/730*3/12 -> 29473.259 | P36: =($M36/29.3*28/12)+$M36+$M36*24/730*3/12 -> 179.71499 | R36: =IF(N36>G36,N36,G36) -> 234.11393 | S36: =IF(N36>H36,N36,H36) -> 234.11393 | W36: =IF(O36>E36,O36,E36) -> 37660.64 | X36: =IF(P36>F36,P36,F36) -> 179.71499
A37: 33 | B37: 33 | C37: Владимирская область | D37: 51448.7 | E37: =D37*0.8 -> 41158.96 | F37: =E37/246 -> 167.31285 | G37: =F37*1.305 -> 218.34326 | H37: =IF(F37>$M$5,$M$5*1.305+(F37-$M$5)*1.155,F37*1.305) -> 218.02652 | K37: =CONCATENATE(B37," ",C37) -> 33 Владимирская область | L37: 27093 | M37: =L37/164 -> 165.20122 | N37: =((M37/29.3*28*100%/12)+M37)*1.305+M37*164*24/730*3/12/164 -> 234.11393 | O37: =($L37/29.3*28/12)+$L37+$L37*24/730*3/12 -> 29473.259 | P37: =($M37/29.3*28/12)+$M37+$M37*24/730*3/12 -> 179.71499 | R37: =IF(N37>G37,N37,G37) -> 234.11393 | S37: =IF(N37>H37,N37,H37) -> 234.11393 | W37: =IF(O37>E37,O37,E37) -> 41158.96 | X37: =IF(P37>F37,P37,F37) -> 179.71499
A38: 34 | B38: 34 | C38: Волгоградская область | D38: 41600.5 | E38: =D38*0.8 -> 33280.4 | F38: =E38/246 -> 135.28618 | G38: =F38*1.305 -> 176.54846 | H38: =IF(F38>$M$5,$M$5*1.305+(F38-$M$5)*1.155,F38*1.305) -> 176.54846 | K38: =CONCATENATE(B38," ",C38) -> 34 Волгоградская область | L38: 29802 | M38: =L38/164 -> 181.71951 | N38: =((M38/29.3*28*100%/12)+M38)*1.305+M38*164*24/730*3/12/164 -> 257.52273 | O38: =($L38/29.3*28/12)+$L38+$L38*24/730*3/12 -> 32420.259 | P38: =($M38/29.3*28/12)+$M38+$M38*24/730*3/12 -> 197.6845 | R38: =IF(N38>G38,N38,G38) -> 257.52273 | S38: =IF(N38>H38,N38,H38) -> 257.52273 | W38: =IF(O38>E38,O38,E38) -> 33280.4 | X38: =IF(P38>F38,P38,F38) -> 197.6845
A39: 35 | B39: 35 | C39: Вологодская область | D39: 59773.1 | E39: =D39*0.8 -> 47818.48 | F39: =E39/246 -> 194.38407 | G39: =F39*1.305 -> 253.6712 | H39: =IF(F39>$M$5,$M$5*1.305+(F39-$M$5)*1.155,F39*1.305) -> 249.29378 | K39: =CONCATENATE(B39," ",C39) -> 35 Вологодская область | L39: 27093 | M39: =L39/164 -> 165.20122 | N39: =((M39/29.3*28*100%/12)+M39)*1.305+M39*164*24/730*3/12/164 -> 234.11393 | O39: =($L39/29.3*28/12)+$L39+$L39*24/730*3/12 -> 29473.259 | P39: =($M39/29.3*28/12)+$M39+$M39*24/730*3/12 -> 179.71499 | R39: =IF(N39>G39,N39,G39) -> 253.6712 | S39: =IF(N39>H39,N39,H39) -> 249.29378 | W39: =IF(O39>E39,O39,E39) -> 47818.48 | X39: =IF(P39>F39,P39,F39) -> 194.38407
A40: 36 | B40: 36 | C40: Воронежская область | D40: 71919.5 | E40: =D40*0.8 -> 57535.6 | F40: =E40/246 -> 233.88455 | G40: =F40*1.305 -> 305.21934 | H40: =IF(F40>$M$5,$M$5*1.305+(F40-$M$5)*1.155,F40*1.305) -> 294.91684 | K40: =CONCATENATE(B40," ",C40) -> 36 Воронежская область | L40: 27093 | M40: =L40/164 -> 165.20122 | N40: =((M40/29.3*28*100%/12)+M40)*1.305+M40*164*24/730*3/12/164 -> 234.11393 | O40: =($L40/29.3*28/12)+$L40+$L40*24/730*3/12 -> 29473.259 | P40: =($M40/29.3*28/12)+$M40+$M40*24/730*3/12 -> 179.71499 | R40: =IF(N40>G40,N40,G40) -> 305.21934 | S40: =IF(N40>H40,N40,H40) -> 294.91684 | W40: =IF(O40>E40,O40,E40) -> 57535.6 | X40: =IF(P40>F40,P40,F40) -> 233.88455
A41: 37 | B41: 37 | C41: Ивановская область | D41: 57669.1 | E41: =D41*0.8 -> 46135.28 | F41: =E41/246 -> 187.54179 | G41: =F41*1.305 -> 244.74203 | H41: =IF(F41>$M$5,$M$5*1.305+(F41-$M$5)*1.155,F41*1.305) -> 241.39095 | K41: =CONCATENATE(B41," ",C41) -> 37 Ивановская область | L41: 27093 | M41: =L41/164 -> 165.20122 | N41: =((M41/29.3*28*100%/12)+M41)*1.305+M41*164*24/730*3/12/164 -> 234.11393 | O41: =($L41/29.3*28/12)+$L41+$L41*24/730*3/12 -> 29473.259 | P41: =($M41/29.3*28/12)+$M41+$M41*24/730*3/12 -> 179.71499 | R41: =IF(N41>G41,N41,G41) -> 244.74203 | S41: =IF(N41>H41,N41,H41) -> 241.39095 | W41: =IF(O41>E41,O41,E41) -> 46135.28 | X41: =IF(P41>F41,P41,F41) -> 187.54179
A42: 38 | B42: 38 | C42: Иркутская область | D42: 66463.2 | E42: =D42*0.8 -> 53170.56 | F42: =E42/246 -> 216.14049 | G42: =F42*1.305 -> 282.06334 | H42: =IF(F42>$M$5,$M$5*1.305+(F42-$M$5)*1.155,F42*1.305) -> 274.42245 | K42: =CONCATENATE(B42," ",C42) -> 38 Иркутская область | L42: 27093 | M42: =L42/164 -> 165.20122 | N42: =((M42/29.3*28*100%/12)+M42)*1.305+M42*164*24/730*3/12/164 -> 234.11393 | O42: =($L42/29.3*28/12)+$L42+$L42*24/730*3/12 -> 29473.259 | P42: =($M42/29.3*28/12)+$M42+$M42*24/730*3/12 -> 179.71499 | R42: =IF(N42>G42,N42,G42) -> 282.06334 | S42: =IF(N42>H42,N42,H42) -> 274.42245 | W42: =IF(O42>E42,O42,E42) -> 53170.56 | X42: =IF(P42>F42,P42,F42) -> 216.14049
... A46: 42 | B46: 42 | C46: Кемеровская область - Кузбасс | D46: 48108.8 | E46: =D46*0.8 -> 38487.04 | F46: =E46/246 -> 156.45138 | G46: =F46*1.305 -> 204.16905 | H46: =IF(F46>$M$5,$M$5*1.305+(F46-$M$5)*1.155,F46*1.305) -> 204.16905 | K46: =CONCATENATE(B46," ",C46) -> 42 Кемеровская область - Кузбасс | L46: 42265 | M46: =L46/164 -> 257.71341 | N46: =((M46/29.3*28*100%/12)+M46)*1.305+M46*164*24/730*3/12/164 -> 365.21704 | O46: =($L46/29.3*28/12)+$L46+$L46*24/730*3/12 -> 45978.197 | P46: =($M46/29.3*28/12)+$M46+$M46*24/730*3/12 -> 280.35486 | R46: =IF(N46>G46,N46,G46) -> 365.21704 | S46: =IF(N46>H46,N46,H46) -> 365.21704 | W46: =IF(O46>E46,O46,E46) -> 45978.197 | X46: =IF(P46>F46,P46,F46) -> 280.35486
A47: 43 | B47: 43 | C47: Кировская область | D47: 55850 | E47: =D47*0.8 -> 44680 | F47: =E47/246 -> 181.62602 | G47: =F47*1.305 -> 237.02195 | H47: =IF(F47>$M$5,$M$5*1.305+(F47-$M$5)*1.155,F47*1.305) -> 234.55823 | K47: =CONCATENATE(B47," ",C47) -> 43 Кировская область | L47: 28448 | M47: =L47/164 -> 173.46341 | N47: =((M47/29.3*28*100%/12)+M47)*1.305+M47*164*24/730*3/12/164 -> 245.82265 | O47: =($L47/29.3*28/12)+$L47+$L47*24/730*3/12 -> 30947.303 | P47: =($M47/29.3*28/12)+$M47+$M47*24/730*3/12 -> 188.70307 | R47: =IF(N47>G47,N47,G47) -> 245.82265 | S47: =IF(N47>H47,N47,H47) -> 245.82265 | W47: =IF(O47>E47,O47,E47) -> 44680 | X47: =IF(P47>F47,P47,F47) -> 188.70307
A48: 44 | B48: 44 | C48: Костромская область | D48: 45511.6 | E48: =D48*0.8 -> 36409.28 | F48: =E48/246 -> 148.0052 | G48: =F48*1.305 -> 193.14679 | H48: =IF(F48>$M$5,$M$5*1.305+(F48-$M$5)*1.155,F48*1.305) -> 193.14679 | K48: =CONCATENATE(B48," ",C48) -> 44 Костромская область | L48: 27093 | M48: =L48/164 -> 165.20122 | N48: =((M48/29.3*28*100%/12)+M48)*1.305+M48*164*24/730*3/12/164 -> 234.11393 | O48: =($L48/29.3*28/12)+$L48+$L48*24/730*3/12 -> 29473.259 | P48: =($M48/29.3*28/12)+$M48+$M48*24/730*3/12 -> 179.71499 | R48: =IF(N48>G48,N48,G48) -> 234.11393 | S48: =IF(N48>H48,N48,H48) -> 234.11393 | W48: =IF(O48>E48,O48,E48) -> 36409.28 | X48: =IF(P48>F48,P48,F48) -> 179.71499
A49: 45 | B49: 45 | C49: Курганская область | D49: 49774.7 | E49: =D49*0.8 -> 39819.76 | F49: =E49/246 -> 161.86894 | G49: =F49*1.305 -> 211.23897 | H49: =IF(F49>$M$5,$M$5*1.305+(F49-$M$5)*1.155,F49*1.305) -> 211.23897 | K49: =CONCATENATE(B49," ",C49) -> 45 Курганская область | L49: 31157 | M49: =L49/164 -> 189.98171 | N49: =((M49/29.3*28*100%/12)+M49)*1.305+M49*164*24/730*3/12/164 -> 269.23145 | O49: =($L49/29.3*28/12)+$L49+$L49*24/730*3/12 -> 33894.302 | P49: =($M49/29.3*28/12)+$M49+$M49*24/730*3/12 -> 206.67257 | R49: =IF(N49>G49,N49,G49) -> 269.23145 | S49: =IF(N49>H49,N49,H49) -> 269.23145 | W49: =IF(O49>E49,O49,E49) -> 39819.76 | X49: =IF(P49>F49,P49,F49) -> 206.67257
A50: 46 | B50: 46 | C50: Курская область | D50: 50848.6 | E50: =D50*0.8 -> 40678.88 | F50: =E50/246 -> 165.3613 | G50: =F50*1.305 -> 215.7965 | H50: =IF(F50>$M$5,$M$5*1.305+(F50-$M$5)*1.155,F50*1.305) -> 215.77249 | K50: =CONCATENATE(B50," ",C50) -> 46 Курская область | L50: 32715 | M50: =L50/164 -> 199.48171 | N50: =((M50/29.3*28*100%/12)+M50)*1.305+M50*164*24/730*3/12/164 -> 282.69432 | O50: =($L50/29.3*28/12)+$L50+$L50*24/730*3/12 -> 35589.181 | P50: =($M50/29.3*28/12)+$M50+$M50*24/730*3/12 -> 217.0072 | R50: =IF(N50>G50,N50,G50) -> 282.69432 | S50: =IF(N50>H50,N50,H50) -> 282.69432 | W50: =IF(O50>E50,O50,E50) -> 40678.88 | X50: =IF(P50>F50,P50,F50) -> 217.0072
A51: 47 | B51: 47 | C51: Ленинградская область | D51: 63205.8 | E51: =D51*0.8 -> 50564.64 | F51: =E51/246 -> 205.54732 | G51: =F51*1.305 -> 268.23925 | H51: =IF(F51>$M$5,$M$5*1.305+(F51-$M$5)*1.155,F51*1.305) -> 262.18733 | K51: =CONCATENATE(B51," ",C51) -> 47 Ленинградская область | L51: 27440 | M51: =L51/164 -> 167.31707 | N51: =((M51/29.3*28*100%/12)+M51)*1.305+M51*164*24/730*3/12/164 -> 237.1124 | O51: =($L51/29.3*28/12)+$L51+$L51*24/730*3/12 -> 29850.745 | P51: =($M51/29.3*28/12)+$M51+$M51*24/730*3/12 -> 182.01674 | R51: =IF(N51>G51,N51,G51) -> 268.23925 | S51: =IF(N51>H51,N51,H51) -> 262.18733 | W51: =IF(O51>E51,O51,E51) -> 50564.64 | X51: =IF(P51>F51,P51,F51) -> 205.54732
A52: 48 | B52: 48 | C52: Липецкая область | D52: 59080.1 | E52: =D52*0.8 -> 47264.08 | F52: =E52/246 -> 192.13041 | G52: =F52*1.305 -> 250.73018 | H52: =IF(F52>$M$5,$M$5*1.305+(F52-$M$5)*1.155,F52*1.305) -> 246.6908 | K52: =CONCATENATE(B52," ",C52) -> 48 Липецкая область | L52: 27093 | M52: =L52/164 -> 165.20122 | N52: =((M52/29.3*28*100%/12)+M52)*1.305+M52*164*24/730*3/12/164 -> 234.11393 | O52: =($L52/29.3*28/12)+$L52+$L52*24/730*3/12 -> 29473.259 | P52: =($M52/29.3*28/12)+$M52+$M52*24/730*3/12 -> 179.71499 | R52: =IF(N52>G52,N52,G52) -> 250.73018 | S52: =IF(N52>H52,N52,H52) -> 246.6908 | W52: =IF(O52>E52,O52,E52) -> 47264.08 | X52: =IF(P52>F52,P52,F52) -> 192.13041
A53: 49 | B53: 49 | C53: Магаданская область | D53: 78131.6 | E53: =D53*0.8 -> 62505.28 | F53: =E53/246 -> 254.0865 | G53: =F53*1.305 -> 331.58289 | H53: =IF(F53>$M$5,$M$5*1.305+(F53-$M$5)*1.155,F53*1.305) -> 318.2501 | K53: =CONCATENATE(B53," ",C53) -> 49 Магаданская область | L53: 27093 | M53: =L53/164 -> 165.20122 | N53: =((M53/29.3*28*100%/12)+M53)*1.305+M53*164*24/730*3/12/164 -> 234.11393 | O53: =($L53/29.3*28/12)+$L53+$L53*24/730*3/12 -> 29473.259 | P53: =($M53/29.3*28/12)+$M53+$M53*24/730*3/12 -> 179.71499 | R53: =IF(N53>G53,N53,G53) -> 331.58289 | S53: =IF(N53>H53,N53,H53) -> 318.2501 | W53: =IF(O53>E53,O53,E53) -> 62505.28 | X53: =IF(P53>F53,P53,F53) -> 254.0865
A54: 50 | B54: 50 | C54: Московская область | D54: 96678.5 | E54: =D54*0.8 -> 77342.8 | F54: =E54/246 -> 314.40163 | G54: =F54*1.305 -> 410.29412 | H54: =IF(F54>$M$5,$M$5*1.305+(F54-$M$5)*1.155,F54*1.305) -> 387.91406 | K54: =CONCATENATE(B54," ",C54) -> 50 Московская область | L54: 27800 | M54: =L54/164 -> 169.5122 | N54: =((M54/29.3*28*100%/12)+M54)*1.305+M54*164*24/730*3/12/164 -> 240.22321 | O54: =($L54/29.3*28/12)+$L54+$L54*24/730*3/12 -> 30242.373 | P54: =($M54/29.3*28/12)+$M54+$M54*24/730*3/12 -> 184.40471 | R54: =IF(N54>G54,N54,G54) -> 410.29412 | S54: =IF(N54>H54,N54,H54) -> 387.91406 | W54: =IF(O54>E54,O54,E54) -> 77342.8 | X54: =IF(P54>F54,P54,F54) -> 314.40163
A55: 51 | B55: 51 | C55: Мурманская область | D55: 82754.9 | E55: =D55*0.8 -> 66203.92 | F55: =E55/246 -> 269.12163 | G55: =F55*1.305 -> 351.20372 | H55: =IF(F55>$M$5,$M$5*1.305+(F55-$M$5)*1.155,F55*1.305) -> 335.61566 | K55: =CONCATENATE(B55," ",C55) -> 51 Мурманская область | L55: 27093 | M55: =L55/164 -> 165.20122 | N55: =((M55/29.3*28*100%/12)+M55)*1.305+M55*164*24/730*3/12/164 -> 234.11393 | O55: =($L55/29.3*28/12)+$L55+$L55*24/730*3/12 -> 29473.259 | P55: =($M55/29.3*28/12)+$M55+$M55*24/730*3/12 -> 179.71499 | R55: =IF(N55>G55,N55,G55) -> 351.20372 | S55: =IF(N55>H55,N55,H55) -> 335.61566 | W55: =IF(O55>E55,O55,E55) -> 66203.92 | X55: =IF(P55>F55,P55,F55) -> 269.12163
A56: 52 | B56: 52 | C56: Нижегородская область | D56: 48516.8 | E56: =D56*0.8 -> 38813.44 | F56: =E56/246 -> 157.77821 | G56: =F56*1.305 -> 205.90057 | H56: =IF(F56>$M$5,$M$5*1.305+(F56-$M$5)*1.155,F56*1.305) -> 205.90057 | K56: =CONCATENATE(B56," ",C56) -> 52 Нижегородская область | L56: 27093 | M56: =L56/164 -> 165.20122 | N56: =((M56/29.3*28*100%/12)+M56)*1.305+M56*164*24/730*3/12/164 -> 234.11393 | O56: =($L56/29.3*28/12)+$L56+$L56*24/730*3/12 -> 29473.259 | P56: =($M56/29.3*28/12)+$M56+$M56*24/730*3/12 -> 179.71499 | R56: =IF(N56>G56,N56,G56) -> 234.11393 | S56: =IF(N56>H56,N56,H56) -> 234.11393 | W56: =IF(O56>E56,O56,E56) -> 38813.44 | X56: =IF(P56>F56,P56,F56) -> 179.71499
A57: 53 | B57: 53 | C57: Новгородская область | D57: 83261.1 | E57: =D57*0.8 -> 66608.88 | F57: =E57/246 -> 270.7678 | G57: =F57*1.305 -> 353.35199 | H57: =IF(F57>$M$5,$M$5*1.305+(F57-$M$5)*1.155,F57*1.305) -> 337.517 | K57: =CONCATENATE(B57," ",C57) -> 53 Новгородская область | L57: 27093 | M57: =L57/164 -> 165.20122 | N57: =((M57/29.3*28*100%/12)+M57)*1.305+M57*164*24/730*3/12/164 -> 234.11393 | O57: =($L57/29.3*28/12)+$L57+$L57*24/730*3/12 -> 29473.259 | P57: =($M57/29.3*28/12)+$M57+$M57*24/730*3/12 -> 179.71499 | R57: =IF(N57>G57,N57,G57) -> 353.35199 | S57: =IF(N57>H57,N57,H57) -> 337.517 | W57: =IF(O57>E57,O57,E57) -> 66608.88 | X57: =IF(P57>F57,P57,F57) -> 270.7678
A58: 54 | B58: 54 | C58: Новосибирская область | D58: 59119.1 | E58: =D58*0.8 -> 47295.28 | F58: =E58/246 -> 192.25724 | G58: =F58*1.305 -> 250.89569 | H58: =IF(F58>$M$5,$M$5*1.305+(F58-$M$5)*1.155,F58*1.305) -> 246.83729 | K58: =CONCATENATE(B58," ",C58) -> 54 Новосибирская область | L58: 33866 | M58: =L58/164 -> 206.5 | N58: =((M58/29.3*28*100%/12)+M58)*1.305+M58*164*24/730*3/12/164 -> 292.64026 | O58: =($L58/29.3*28/12)+$L58+$L58*24/730*3/12 -> 36841.302 | P58: =($M58/29.3*28/12)+$M58+$M58*24/730*3/12 -> 224.64208 | R58: =IF(N58>G58,N58,G58) -> 292.64026 | S58: =IF(N58>H58,N58,H58) -> 292.64026 | W58: =IF(O58>E58,O58,E58) -> 47295.28 | X58: =IF(P58>F58,P58,F58) -> 224.64208
A59: 55 | B59: 55 | C59: Омская область | D59: 46374.8 | E59: =D59*0.8 -> 37099.84 | F59: =E59/246 -> 150.81236 | G59: =F59*1.305 -> 196.81013 | H59: =IF(F59>$M$5,$M$5*1.305+(F59-$M$5)*1.155,F59*1.305) -> 196.81013 | K59: =CONCATENATE(B59," ",C59) -> 55 Омская область | L59: 27093 | M59: =L59/164 -> 165.20122 | N59: =((M59/29.3*28*100%/12)+M59)*1.305+M59*164*24/730*3/12/164 -> 234.11393 | O59: =($L59/29.3*28/12)+$L59+$L59*24/730*3/12 -> 29473.259 | P59: =($M59/29.3*28/12)+$M59+$M59*24/730*3/12 -> 179.71499 | R59: =IF(N59>G59,N59,G59) -> 234.11393 | S59: =IF(N59>H59,N59,H59) -> 234.11393 | W59: =IF(O59>E59,O59,E59) -> 37099.84 | X59: =IF(P59>F59,P59,F59) -> 179.71499
A60: 56 | B60: 56 | C60: Оренбургская область | D60: 49451.4 | E60: =D60*0.8 -> 39561.12 | F60: =E60/246 -> 160.81756 | G60: =F60*1.305 -> 209.86692 | H60: =IF(F60>$M$5,$M$5*1.305+(F60-$M$5)*1.155,F60*1.305) -> 209.86692 | K60: =CONCATENATE(B60," ",C60) -> 56 Оренбургская область | L60: 31157 | M60: =L60/164 -> 189.98171 | N60: =((M60/29.3*28*100%/12)+M60)*1.305+M60*164*24/730*3/12/164 -> 269.23145 | O60: =($L60/29.3*28/12)+$L60+$L60*24/730*3/12 -> 33894.302 | P60: =($M60/29.3*28/12)+$M60+$M60*24/730*3/12 -> 206.67257 | R60: =IF(N60>G60,N60,G60) -> 269.23145 | S60: =IF(N60>H60,N60,H60) -> 269.23145 | W60: =IF(O60>E60,O60,E60) -> 39561.12 | X60: =IF(P60>F60,P60,F60) -> 206.67257
A61: 57 | B61: 57 | C61: Орловская область | D61: 39782.4 | E61: =D61*0.8 -> 31825.92 | F61: =E61/246 -> 129.37366 | G61: =F61*1.305 -> 168.83262 | H61: =IF(F61>$M$5,$M$5*1.305+(F61-$M$5)*1.155,F61*1.305) -> 168.83262 | K61: =CONCATENATE(B61," ",C61) -> 57 Орловская область | L61: 27093 | M61: =L61/164 -> 165.20122 | N61: =((M61/29.3*28*100%/12)+M61)*1.305+M61*164*24/730*3/12/164 -> 234.11393 | O61: =($L61/29.3*28/12)+$L61+$L61*24/730*3/12 -> 29473.259 | P61: =($M61/29.3*28/12)+$M61+$M61*24/730*3/12 -> 179.71499 | R61: =IF(N61>G61,N61,G61) -> 234.11393 | S61: =IF(N61>H61,N61,H61) -> 234.11393 | W61: =IF(O61>E61,O61,E61) -> 31825.92 | X61: =IF(P61>F61,P61,F61) -> 179.71499
A62: 58 | B62: 58 | C62: Пензенская область | D62: 53475 | E62: =D62*0.8 -> 42780 | F62: =E62/246 -> 173.90244 | G62: =F62*1.305 -> 226.94268 | H62: =IF(F62>$M$5,$M$5*1.305+(F62-$M$5)*1.155,F62*1.305) -> 225.6375 | K62: =CONCATENATE(B62," ",C62) -> 58 Пензенская область | L62: 27093 | M62: =L62/164 -> 165.20122 | N62: =((M62/29.3*28*100%/12)+M62)*1.305+M62*164*24/730*3/12/164 -> 234.11393 | O62: =($L62/29.3*28/12)+$L62+$L62*24/730*3/12 -> 29473.259 | P62: =($M62/29.3*28/12)+$M62+$M62*24/730*3/12 -> 179.71499 | R62: =IF(N62>G62,N62,G62) -> 234.11393 | S62: =IF(N62>H62,N62,H62) -> 234.11393 | W62: =IF(O62>E62,O62,E62) -> 42780 | X62: =IF(P62>F62,P62,F62) -> 179.71499
A63: 59 | B63: 59 | C63: Пермский край | D63: 44760.4 | E63: =D63*0.8 -> 35808.32 | F63: =E63/246 -> 145.56228 | G63: =F63*1.305 -> 189.95877 | H63: =IF(F63>$M$5,$M$5*1.305+(F63-$M$5)*1.155,F63*1.305) -> 189.95877 | K63: =CONCATENATE(B63," ",C63) -> 59 Пермский край | L63: 27093 | M63: =L63/164 -> 165.20122 | N63: =((M63/29.3*28*100%/12)+M63)*1.305+M63*164*24/730*3/12/164 -> 234.11393 | O63: =($L63/29.3*28/12)+$L63+$L63*24/730*3/12 -> 29473.259 | P63: =($M63/29.3*28/12)+$M63+$M63*24/730*3/12 -> 179.71499 | R63: =IF(N63>G63,N63,G63) -> 234.11393 | S63: =IF(N63>H63,N63,H63) -> 234.11393 | W63: =IF(O63>E63,O63,E63) -> 35808.32 | X63: =IF(P63>F63,P63,F63) -> 179.71499
A64: 60 | B64: 60 | C64: Псковская область | D64: 52005.8 | E64: =D64*0.8 -> 41604.64 | F64: =E64/246 -> 169.12455 | G64: =F64*1.305 -> 220.70754 | H64: =IF(F64>$M$5,$M$5*1.305+(F64-$M$5)*1.155,F64*1.305) -> 220.11904 | K64: =CONCATENATE(B64," ",C64) -> 60 Псковская область | L64: 27093 | M64: =L64/164 -> 165.20122 | N64: =((M64/29.3*28*100%/12)+M64)*1.305+M64*164*24/730*3/12/164 -> 234.11393 | O64: =($L64/29.3*28/12)+$L64+$L64*24/730*3/12 -> 29473.259 | P64: =($M64/29.3*28/12)+$M64+$M64*24/730*3/12 -> 179.71499 | R64: =IF(N64>G64,N64,G64) -> 234.11393 | S64: =IF(N64>H64,N64,H64) -> 234.11393 | W64: =IF(O64>E64,O64,E64) -> 41604.64 | X64: =IF(P64>F64,P64,F64) -> 179.71499
A65: 61 | B65: 61 | C65: Ростовская область | D65: 54556.2 | E65: =D65*0.8 -> 43644.96 | F65: =E65/246 -> 177.41854 | G65: =F65*1.305 -> 231.53119 | H65: =IF(F65>$M$5,$M$5*1.305+(F65-$M$5)*1.155,F65*1.305) -> 229.69859 | K65: =CONCATENATE(B65," ",C65) -> 61 Ростовская область | L65: 32512 | M65: =L65/164 -> 198.2439 | N65: =((M65/29.3*28*100%/12)+M65)*1.305+M65*164*24/730*3/12/164 -> 280.94018 | O65: =($L65/29.3*28/12)+$L65+$L65*24/730*3/12 -> 35368.346 | P65: =($M65/29.3*28/12)+$M65+$M65*24/730*3/12 -> 215.66065 | R65: =IF(N65>G65,N65,G65) -> 280.94018 | S65: =IF(N65>H65,N65,H65) -> 280.94018 | W65: =IF(O65>E65,O65,E65) -> 43644.96 | X65: =IF(P65>F65,P65,F65) -> 215.66065
A66: 62 | B66: 62 | C66: Рязанская область | D66: 57675.2 | E66: =D66*0.8 -> 46140.16 | F66: =E66/246 -> 187.56163 | G66: =F66*1.305 -> 244.76792 | H66: =IF(F66>$M$5,$M$5*1.305+(F66-$M$5)*1.155,F66*1.305) -> 241.41386 | K66: =CONCATENATE(B66," ",C66) -> 62 Рязанская область | L66: 27093 | M66: =L66/164 -> 165.20122 | N66: =((M66/29.3*28*100%/12)+M66)*1.305+M66*164*24/730*3/12/164 -> 234.11393 | O66: =($L66/29.3*28/12)+$L66+$L66*24/730*3/12 -> 29473.259 | P66: =($M66/29.3*28/12)+$M66+$M66*24/730*3/12 -> 179.71499 | R66: =IF(N66>G66,N66,G66) -> 244.76792 | S66: =IF(N66>H66,N66,H66) -> 241.41386 | W66: =IF(O66>E66,O66,E66) -> 46140.16 | X66: =IF(P66>F66,P66,F66) -> 187.56163
A67: 63 | B67: 63 | C67: Самарская область | D67: 58174.6 | E67: =D67*0.8 -> 46539.68 | F67: =E67/246 -> 189.18569 | G67: =F67*1.305 -> 246.88733 | H67: =IF(F67>$M$5,$M$5*1.305+(F67-$M$5)*1.155,F67*1.305) -> 243.28966 | K67: =CONCATENATE(B67," ",C67) -> 63 Самарская область | L67: 28448 | M67: =L67/164 -> 173.46341 | N67: =((M67/29.3*28*100%/12)+M67)*1.305+M67*164*24/730*3/12/164 -> 245.82265 | O67: =($L67/29.3*28/12)+$L67+$L67*24/730*3/12 -> 30947.303 | P67: =($M67/29.3*28/12)+$M67+$M67*24/730*3/12 -> 188.70307 | R67: =IF(N67>G67,N67,G67) -> 246.88733 | S67: =IF(N67>H67,N67,H67) -> 245.82265 | W67: =IF(O67>E67,O67,E67) -> 46539.68 | X67: =IF(P67>F67,P67,F67) -> 189.18569
A68: 64 | B68: 64 | C68: Саратовская область | D68: 57521.4 | E68: =D68*0.8 -> 46017.12 | F68: =E68/246 -> 187.06146 | G68: =F68*1.305 -> 244.11521 | H68: =IF(F68>$M$5,$M$5*1.305+(F68-$M$5)*1.155,F68*1.305) -> 240.83617 | K68: =CONCATENATE(B68," ",C68) -> 64 Саратовская область | L68: 28448 | M68: =L68/164 -> 173.46341 | N68: =((M68/29.3*28*100%/12)+M68)*1.305+M68*164*24/730*3/12/164 -> 245.82265 | O68: =($L68/29.3*28/12)+$L68+$L68*24/730*3/12 -> 30947.303 | P68: =($M68/29.3*28/12)+$M68+$M68*24/730*3/12 -> 188.70307 | R68: =IF(N68>G68,N68,G68) -> 245.82265 | S68: =IF(N68>H68,N68,H68) -> 245.82265 | W68: =IF(O68>E68,O68,E68) -> 46017.12 | X68: =IF(P68>F68,P68,F68) -> 188.70307
A69: 65 | B69: 65 | C69: Сахалинская область | D69: 94892.2 | E69: =D69*0.8 -> 75913.76 | F69: =E69/246 -> 308.59252 | G69: =F69*1.305 -> 402.71324 | H69: =IF(F69>$M$5,$M$5*1.305+(F69-$M$5)*1.155,F69*1.305) -> 381.20454 | K69: =CONCATENATE(B69," ",C69) -> 65 Сахалинская область | L69: 27093 | M69: =L69/164 -> 165.20122 | N69: =((M69/29.3*28*100%/12)+M69)*1.305+M69*164*24/730*3/12/164 -> 234.11393 | O69: =($L69/29.3*28/12)+$L69+$L69*24/730*3/12 -> 29473.259 | P69: =($M69/29.3*28/12)+$M69+$M69*24/730*3/12 -> 179.71499 | R69: =IF(N69>G69,N69,G69) -> 402.71324 | S69: =IF(N69>H69,N69,H69) -> 381.20454 | W69: =IF(O69>E69,O69,E69) -> 75913.76 | X69: =IF(P69>F69,P69,F69) -> 308.59252
A70: 66 | B70: 66 | C70: Свердловская область | D70: 53931.4 | E70: =D70*0.8 -> 43145.12 | F70: =E70/246 -> 175.38667 | G70: =F70*1.305 -> 228.8796 | H70: =IF(F70>$M$5,$M$5*1.305+(F70-$M$5)*1.155,F70*1.305) -> 227.35178 | K70: =CONCATENATE(B70," ",C70) -> 66 Свердловская область | L70: 27093 | M70: =L70/164 -> 165.20122 | N70: =((M70/29.3*28*100%/12)+M70)*1.305+M70*164*24/730*3/12/164 -> 234.11393 | O70: =($L70/29.3*28/12)+$L70+$L70*24/730*3/12 -> 29473.259 | P70: =($M70/29.3*28/12)+$M70+$M70*24/730*3/12 -> 179.71499 | R70: =IF(N70>G70,N70,G70) -> 234.11393 | S70: =IF(N70>H70,N70,H70) -> 234.11393 | W70: =IF(O70>E70,O70,E70) -> 43145.12 | X70: =IF(P70>F70,P70,F70) -> 179.71499
A71: 67 | B71: 67 | C71: Смоленская область | D71: 55664.5 | E71: =D71*0.8 -> 44531.6 | F71: =E71/246 -> 181.02276 | G71: =F71*1.305 -> 236.23471 | H71: =IF(F71>$M$5,$M$5*1.305+(F71-$M$5)*1.155,F71*1.305) -> 233.86148 | K71: =CONCATENATE(B71," ",C71) -> 67 Смоленская область | L71: 27093 | M71: =L71/164 -> 165.20122 | N71: =((M71/29.3*28*100%/12)+M71)*1.305+M71*164*24/730*3/12/164 -> 234.11393 | O71: =($L71/29.3*28/12)+$L71+$L71*24/730*3/12 -> 29473.259 | P71: =($M71/29.3*28/12)+$M71+$M71*24/730*3/12 -> 179.71499 | R71: =IF(N71>G71,N71,G71) -> 236.23471 | S71: =IF(N71>H71,N71,H71) -> 234.11393 | W71: =IF(O71>E71,O71,E71) -> 44531.6 | X71: =IF(P71>F71,P71,F71) -> 181.02276
A72: 68 | B72: 68 | C72: Тамбовская область | D72: 37936.7 | E72: =D72*0.8 -> 30349.36 | F72: =E72/246 -> 123.37138 | G72: =F72*1.305 -> 160.99965 | H72: =IF(F72>$M$5,$M$5*1.305+(F72-$M$5)*1.155,F72*1.305) -> 160.99965 | K72: =CONCATENATE(B72," ",C72) -> 68 Тамбовская область | L72: 27093 | M72: =L72/164 -> 165.20122 | N72: =((M72/29.3*28*100%/12)+M72)*1.305+M72*164*24/730*3/12/164 -> 234.11393 | O72: =($L72/29.3*28/12)+$L72+$L72*24/730*3/12 -> 29473.259 | P72: =($M72/29.3*28/12)+$M72+$M72*24/730*3/12 -> 179.71499 | R72: =IF(N72>G72,N72,G72) -> 234.11393 | S72: =IF(N72>H72,N72,H72) -> 234.11393 | W72: =IF(O72>E72,O72,E72) -> 30349.36 | X72: =IF(P72>F72,P72,F72) -> 179.71499
A73: 69 | B73: 69 | C73: Тверская область | D73: 60597.2 | E73: =D73*0.8 -> 48477.76 | F73: =E73/246 -> 197.06407 | G73: =F73*1.305 -> 257.1686 | H73: =IF(F73>$M$5,$M$5*1.305+(F73-$M$5)*1.155,F73*1.305) -> 252.38918 | K73: =CONCATENATE(B73," ",C73) -> 69 Тверская область | L73: 27093 | M73: =L73/164 -> 165.20122 | N73: =((M73/29.3*28*100%/12)+M73)*1.305+M73*164*24/730*3/12/164 -> 234.11393 | O73: =($L73/29.3*28/12)+$L73+$L73*24/730*3/12 -> 29473.259 | P73: =($M73/29.3*28/12)+$M73+$M73*24/730*3/12 -> 179.71499 | R73: =IF(N73>G73,N73,G73) -> 257.1686 | S73: =IF(N73>H73,N73,H73) -> 252.38918 | W73: =IF(O73>E73,O73,E73) -> 48477.76 | X73: =IF(P73>F73,P73,F73) -> 197.06407
A74: 70 | B74: 70 | C74: Томская область | D74: 61891.3 | E74: =D74*0.8 -> 49513.04 | F74: =E74/246 -> 201.27252 | G74: =F74*1.305 -> 262.66064 | H74: =IF(F74>$M$5,$M$5*1.305+(F74-$M$5)*1.155,F74*1.305) -> 257.24994 | K74: =CONCATENATE(B74," ",C74) -> 70 Томская область | L74: 27093 | M74: =L74/164 -> 165.20122 | N74: =((M74/29.3*28*100%/12)+M74)*1.305+M74*164*24/730*3/12/164 -> 234.11393 | O74: =($L74/29.3*28/12)+$L74+$L74*24/730*3/12 -> 29473.259 | P74: =($M74/29.3*28/12)+$M74+$M74*24/730*3/12 -> 179.71499 | R74: =IF(N74>G74,N74,G74) -> 262.66064 | S74: =IF(N74>H74,N74,H74) -> 257.24994 | W74: =IF(O74>E74,O74,E74) -> 49513.04 | X74: =IF(P74>F74,P74,F74) -> 201.27252
A75: 71 | B75: 71 | C75: Тульская область | D75: 68634.1 | E75: =D75*0.8 -> 54907.28 | F75: =E75/246 -> 223.20033 | G75: =F75*1.305 -> 291.27642 | H75: =IF(F75>$M$5,$M$5*1.305+(F75-$M$5)*1.155,F75*1.305) -> 282.57656 | K75: =CONCATENATE(B75," ",C75) -> 71 Тульская область | L75: 30095 | M75: =L75/164 -> 183.5061 | N75: =((M75/29.3*28*100%/12)+M75)*1.305+M75*164*24/730*3/12/164 -> 260.05458 | O75: =($L75/29.3*28/12)+$L75+$L75*24/730*3/12 -> 32739 | P75: =($M75/29.3*28/12)+$M75+$M75*24/730*3/12 -> 199.62805 | R75: =IF(N75>G75,N75,G75) -> 291.27642 | S75: =IF(N75>H75,N75,H75) -> 282.57656 | W75: =IF(O75>E75,O75,E75) -> 54907.28 | X75: =IF(P75>F75,P75,F75) -> 223.20033
A76: 72 | B76: 72 | C76: Тюменская область | D76: 67070.6 | E76: =D76*0.8 -> 53656.48 | F76: =E76/246 -> 218.11577 | G76: =F76*1.305 -> 284.64108 | H76: =IF(F76>$M$5,$M$5*1.305+(F76-$M$5)*1.155,F76*1.305) -> 276.7039 | K76: =CONCATENATE(B76," ",C76) -> 72 Тюменская область | L76: 27093 | M76: =L76/164 -> 165.20122 | N76: =((M76/29.3*28*100%/12)+M76)*1.305+M76*164*24/730*3/12/164 -> 234.11393 | O76: =($L76/29.3*28/12)+$L76+$L76*24/730*3/12 -> 29473.259 | P76: =($M76/29.3*28/12)+$M76+$M76*24/730*3/12 -> 179.71499 | R76: =IF(N76>G76,N76,G76) -> 284.64108 | S76: =IF(N76>H76,N76,H76) -> 276.7039 | W76: =IF(O76>E76,O76,E76) -> 53656.48 | X76: =IF(P76>F76,P76,F76) -> 218.11577
A77: 73 | B77: 73 | C77: Ульяновская область | D77: 52878 | E77: =D77*0.8 -> 42302.4 | F77: =E77/246 -> 171.96098 | G77: =F77*1.305 -> 224.40907 | H77: =IF(F77>$M$5,$M$5*1.305+(F77-$M$5)*1.155,F77*1.305) -> 223.39511 | K77: =CONCATENATE(B77," ",C77) -> 73 Ульяновская область | L77: 27882 | M77: =L77/164 -> 170.0122 | N77: =((M77/29.3*28*100%/12)+M77)*1.305+M77*164*24/730*3/12/164 -> 240.93178 | O77: =($L77/29.3*28/12)+$L77+$L77*24/730*3/12 -> 30331.577 | P77: =($M77/29.3*28/12)+$M77+$M77*24/730*3/12 -> 184.94864 | R77: =IF(N77>G77,N77,G77) -> 240.93178 | S77: =IF(N77>H77,N77,H77) -> 240.93178 | W77: =IF(O77>E77,O77,E77) -> 42302.4 | X77: =IF(P77>F77,P77,F77) -> 184.94864
A78: 74 | B78: 74 | C78: Челябинская область | D78: 50359.6 | E78: =D78*0.8 -> 40287.68 | F78: =E78/246 -> 163.77106 | G78: =F78*1.305 -> 213.72123 | H78: =IF(F78>$M$5,$M$5*1.305+(F78-$M$5)*1.155,F78*1.305) -> 213.72123 | K78: =CONCATENATE(B78," ",C78) -> 74 Челябинская область | L78: 27093 | M78: =L78/164 -> 165.20122 | N78: =((M78/29.3*28*100%/12)+M78)*1.305+M78*164*24/730*3/12/164 -> 234.11393 | O78: =($L78/29.3*28/12)+$L78+$L78*24/730*3/12 -> 29473.259 | P78: =($M78/29.3*28/12)+$M78+$M78*24/730*3/12 -> 179.71499 | R78: =IF(N78>G78,N78,G78) -> 234.11393 | S78: =IF(N78>H78,N78,H78) -> 234.11393 | W78: =IF(O78>E78,O78,E78) -> 40287.68 | X78: =IF(P78>F78,P78,F78) -> 179.71499
A79: 75 | B79: 75 | C79: Забайкальский край | D79: 53749.8 | E79: =D79*0.8 -> 42999.84 | F79: =E79/246 -> 174.7961 | G79: =F79*1.305 -> 228.10891 | H79: =IF(F79>$M$5,$M$5*1.305+(F79-$M$5)*1.155,F79*1.305) -> 226.66968 | K79: =CONCATENATE(B79," ",C79) -> 75 Забайкальский край | L79: 27093 | M79: =L79/164 -> 165.20122 | N79: =((M79/29.3*28*100%/12)+M79)*1.305+M79*164*24/730*3/12/164 -> 234.11393 | O79: =($L79/29.3*28/12)+$L79+$L79*24/730*3/12 -> 29473.259 | P79: =($M79/29.3*28/12)+$M79+$M79*24/730*3/12 -> 179.71499 | R79: =IF(N79>G79,N79,G79) -> 234.11393 | S79: =IF(N79>H79,N79,H79) -> 234.11393 | W79: =IF(O79>E79,O79,E79) -> 42999.84 | X79: =IF(P79>F79,P79,F79) -> 179.71499
A80: 76 | B80: 76 | C80: Ярославская область | D80: 59731.4 | E80: =D80*0.8 -> 47785.12 | F80: =E80/246 -> 194.24846 | G80: =F80*1.305 -> 253.49423 | H80: =IF(F80>$M$5,$M$5*1.305+(F80-$M$5)*1.155,F80*1.305) -> 249.13715 | K80: =CONCATENATE(B80," ",C80) -> 76 Ярославская область | L80: 30000 | M80: =L80/164 -> 182.92683 | N80: =((M80/29.3*28*100%/12)+M80)*1.305+M80*164*24/730*3/12/164 -> 259.23368 | O80: =($L80/29.3*28/12)+$L80+$L80*24/730*3/12 -> 32635.654 | P80: =($M80/29.3*28/12)+$M80+$M80*24/730*3/12 -> 198.99789 | R80: =IF(N80>G80,N80,G80) -> 259.23368 | S80: =IF(N80>H80,N80,H80) -> 259.23368 | W80: =IF(O80>E80,O80,E80) -> 47785.12 | X80: =IF(P80>F80,P80,F80) -> 198.99789
A81: 77 | B81: 77 | C81: Город Москва | D81: 142588.7 | E81: =D81*0.8 -> 114070.96 | F81: =E81/246 -> 463.70309 | G81: =F81*1.305 -> 605.13253 | H81: =IF(F81>$M$5,$M$5*1.305+(F81-$M$5)*1.155,F81*1.305) -> 560.35725 | K81: =CONCATENATE(B81," ",C81) -> 77 Город Москва | L81: 39730 | M81: =L81/164 -> 242.2561 | N81: =((M81/29.3*28*100%/12)+M81)*1.305+M81*164*24/730*3/12/164 -> 343.3118 | O81: =($L81/29.3*28/12)+$L81+$L81*24/730*3/12 -> 43220.484 | P81: =($M81/29.3*28/12)+$M81+$M81*24/730*3/12 -> 263.53954 | R81: =IF(N81>G81,N81,G81) -> 605.13253 | S81: =IF(N81>H81,N81,H81) -> 560.35725 | W81: =IF(O81>E81,O81,E81) -> 114070.96 | X81: =IF(P81>F81,P81,F81) -> 463.70309
A82: 78 | B82: 78 | C82: Город Санкт-Петербург | D82: 94559.9 | E82: =D82*0.8 -> 75647.92 | F82: =E82/246 -> 307.51187 | G82: =F82*1.305 -> 401.30299 | H82: =IF(F82>$M$5,$M$5*1.305+(F82-$M$5)*1.155,F82*1.305) -> 379.95639 | K82: =CONCATENATE(B82," ",C82) -> 78 Город Санкт-Петербург | L82: 31250 | M82: =L82/164 -> 190.54878 | N82: =((M82/29.3*28*100%/12)+M82)*1.305+M82*164*24/730*3/12/164 -> 270.03508 | O82: =($L82/29.3*28/12)+$L82+$L82*24/730*3/12 -> 33995.473 | P82: =($M82/29.3*28/12)+$M82+$M82*24/730*3/12 -> 207.28947 | R82: =IF(N82>G82,N82,G82) -> 401.30299 | S82: =IF(N82>H82,N82,H82) -> 379.95639 | W82: =IF(O82>E82,O82,E82) -> 75647.92 | X82: =IF(P82>F82,P82,F82) -> 307.51187
A83: 79 | B83: 79 | C83: Еврейская автономная область | D83: 59335.6 | E83: =D83*0.8 -> 47468.48 | F83: =E83/246 -> 192.9613 | G83: =F83*1.305 -> 251.8145 | H83: =IF(F83>$M$5,$M$5*1.305+(F83-$M$5)*1.155,F83*1.305) -> 247.65049 | K83: =CONCATENATE(B83," ",C83) -> 79 Еврейская автономная область | L83: 27093 | M83: =L83/164 -> 165.20122 | N83: =((M83/29.3*28*100%/12)+M83)*1.305+M83*164*24/730*3/12/164 -> 234.11393 | O83: =($L83/29.3*28/12)+$L83+$L83*24/730*3/12 -> 29473.259 | P83: =($M83/29.3*28/12)+$M83+$M83*24/730*3/12 -> 179.71499 | R83: =IF(N83>G83,N83,G83) -> 251.8145 | S83: =IF(N83>H83,N83,H83) -> 247.65049 | W83: =IF(O83>E83,O83,E83) -> 47468.48 | X83: =IF(P83>F83,P83,F83) -> 192.9613
A84: 80 | B84: 83 | C84: Ненецкий автономный округ | D84: 107652.3 | E84: =D84*0.8 -> 86121.84 | F84: =E84/246 -> 350.08878 | G84: =F84*1.305 -> 456.86586 | H84: =IF(F84>$M$5,$M$5*1.305+(F84-$M$5)*1.155,F84*1.305) -> 429.13272 | K84: =CONCATENATE(B84," ",C84) -> 83 Ненецкий автономный округ | L84: 27093 | M84: =L84/164 -> 165.20122 | N84: =((M84/29.3*28*100%/12)+M84)*1.305+M84*164*24/730*3/12/164 -> 234.11393 | O84: =($L84/29.3*28/12)+$L84+$L84*24/730*3/12 -> 29473.259 | P84: =($M84/29.3*28/12)+$M84+$M84*24/730*3/12 -> 179.71499 | R84: =IF(N84>G84,N84,G84) -> 456.86586 | S84: =IF(N84>H84,N84,H84) -> 429.13272 | W84: =IF(O84>E84,O84,E84) -> 86121.84 | X84: =IF(P84>F84,P84,F84) -> 350.08878
A85: 81 | B85: 86 | C85: Ханты-Мансийский автономный округ - Югра | D85: 72520.9 | E85: =D85*0.8 -> 58016.72 | F85: =E85/246 -> 235.84033 | G85: =F85*1.305 -> 307.77162 | H85: =IF(F85>$M$5,$M$5*1.305+(F85-$M$5)*1.155,F85*1.305) -> 297.17576 | K85: =CONCATENATE(B85," ",C85) -> 86 Ханты-Мансийский автономный округ - Югра | L85: 27093 | M85: =L85/164 -> 165.20122 | N85: =((M85/29.3*28*100%/12)+M85)*1.305+M85*164*24/730*3/12/164 -> 234.11393 | O85: =($L85/29.3*28/12)+$L85+$L85*24/730*3/12 -> 29473.259 | P85: =($M85/29.3*28/12)+$M85+$M85*24/730*3/12 -> 179.71499 | R85: =IF(N85>G85,N85,G85) -> 307.77162 | S85: =IF(N85>H85,N85,H85) -> 297.17576 | W85: =IF(O85>E85,O85,E85) -> 58016.72 | X85: =IF(P85>F85,P85,F85) -> 235.84033
A86: 82 | B86: 87 | C86: Чукотский автономный округ | D86: 83294.7 | E86: =D86*0.8 -> 66635.76 | F86: =E86/246 -> 270.87707 | G86: =F86*1.305 -> 353.49458 | H86: =IF(F86>$M$5,$M$5*1.305+(F86-$M$5)*1.155,F86*1.305) -> 337.6432 | K86: =CONCATENATE(B86," ",C86) -> 87 Чукотский автономный округ | L86: 27093 | M86: =L86/164 -> 165.20122 | N86: =((M86/29.3*28*100%/12)+M86)*1.305+M86*164*24/730*3/12/164 -> 234.11393 | O86: =($L86/29.3*28/12)+$L86+$L86*24/730*3/12 -> 29473.259 | P86: =($M86/29.3*28/12)+$M86+$M86*24/730*3/12 -> 179.71499 | R86: =IF(N86>G86,N86,G86) -> 353.49458 | S86: =IF(N86>H86,N86,H86) -> 337.6432 | W86: =IF(O86>E86,O86,E86) -> 66635.76 | X86: =IF(P86>F86,P86,F86) -> 270.87707
A87: 83 | B87: 89 | C87: Ямало-Ненецкий автономный округ | D87: 79854.9 | E87: =D87*0.8 -> 63883.92 | F87: =E87/246 -> 259.69073 | G87: =F87*1.305 -> 338.8964 | H87: =IF(F87>$M$5,$M$5*1.305+(F87-$M$5)*1.155,F87*1.305) -> 324.72298 | K87: =CONCATENATE(B87," ",C87) -> 89 Ямало-Ненецкий автономный округ | L87: 27093 | M87: =L87/164 -> 165.20122 | N87: =((M87/29.3*28*100%/12)+M87)*1.305+M87*164*24/730*3/12/164 -> 234.11393 | O87: =($L87/29.3*28/12)+$L87+$L87*24/730*3/12 -> 29473.259 | P87: =($M87/29.3*28/12)+$M87+$M87*24/730*3/12 -> 179.71499 | R87: =IF(N87>G87,N87,G87) -> 338.8964 | S87: =IF(N87>H87,N87,H87) -> 324.72298 | W87: =IF(O87>E87,O87,E87) -> 63883.92 | X87: =IF(P87>F87,P87,F87) -> 259.69073
A88: 84 | B88: 91 | C88: Республика Крым | D88: 50752 | E88: =D88*0.8 -> 40601.6 | F88: =E88/246 -> 165.04715 | G88: =F88*1.305 -> 215.38654 | H88: =IF(F88>$M$5,$M$5*1.305+(F88-$M$5)*1.155,F88*1.305) -> 215.38654 | K88: =CONCATENATE(B88," ",C88) -> 91 Республика Крым | L88: 27093 | M88: =L88/164 -> 165.20122 | N88: =((M88/29.3*28*100%/12)+M88)*1.305+M88*164*24/730*3/12/164 -> 234.11393 | O88: =($L88/29.3*28/12)+$L88+$L88*24/730*3/12 -> 29473.259 | P88: =($M88/29.3*28/12)+$M88+$M88*24/730*3/12 -> 179.71499 | R88: =IF(N88>G88,N88,G88) -> 234.11393 | S88: =IF(N88>H88,N88,H88) -> 234.11393 | W88: =IF(O88>E88,O88,E88) -> 40601.6 | X88: =IF(P88>F88,P88,F88) -> 179.71499
B89: 92 | C89: Город федерального значения Севастополь | D89: 29856 | E89: =D89*0.8 -> 23884.8 | F89: =E89/246 -> 97.092683 | G89: =F89*1.305 -> 126.70595 | H89: =IF(F89>$M$5,$M$5*1.305+(F89-$M$5)*1.155,F89*1.305) -> 126.70595 | K89: =CONCATENATE(B89," ",C89) -> 92 Город федерального значения Севастополь | L89: 27093 | M89: =L89/164 -> 165.20122 | N89: =((M89/29.3*28*100%/12)+M89)*1.305+M89*164*24/730*3/12/164 -> 234.11393 | O89: =($L89/29.3*28/12)+$L89+$L89*24/730*3/12 -> 29473.259 | P89: =($M89/29.3*28/12)+$M89+$M89*24/730*3/12 -> 179.71499 | R89: =IF(N89>G89,N89,G89) -> 234.11393 | S89: =IF(N89>H89,N89,H89) -> 234.11393 | W89: =IF(O89>E89,O89,E89) -> 29473.259 | X89: =IF(P89>F89,P89,F89) -> 179.71499
B90: 80 | C90: Донецкая Народная Республика** | D90: 0 | E90: 0 | F90: =E90/246 -> 0 | G90: =F90*1.305 -> 0 | H90: =IF(F90>$M$5,$M$5*1.305+(F90-$M$5)*1.155,F90*1.305) -> 0 | K90: =CONCATENATE(B90," ",C90) -> 80 Донецкая Народная Республика** | L90: 0 | M90: =L90/164 -> 0 | N90: =((M90/29.3*28*100%/12)+M90)*1.305+M90*164*24/730*3/12/164 -> 0 | O90: =($L90/29.3*28/12)+$L90+$L90*24/730*3/12 -> 0 | P90: =($M90/29.3*28/12)+$M90+$M90*24/730*3/12 -> 0 | R90: =IF(N90>G90,N90,G90) -> 0 | S90: =IF(N90>H90,N90,H90) -> 0 | W90: =IF(O90>E90,O90,E90) -> 0 | X90: =IF(P90>F90,P90,F90) -> 0
B91: 81 | C91: Луганская Народная Республика** | D91: 0 | E91: 0 | F91: =E91/246 -> 0 | G91: =F91*1.305 -> 0 | H91: =IF(F91>$M$5,$M$5*1.305+(F91-$M$5)*1.155,F91*1.305) -> 0 | K91: =CONCATENATE(B91," ",C91) -> 81 Луганская Народная Республика** | L91: 0 | M91: =L91/164 -> 0 | N91: =((M91/29.3*28*100%/12)+M91)*1.305+M91*164*24/730*3/12/164 -> 0 | O91: =($L91/29.3*28/12)+$L91+$L91*24/730*3/12 -> 0 | P91: =($M91/29.3*28/12)+$M91+$M91*24/730*3/12 -> 0 | R91: =IF(N91>G91,N91,G91) -> 0 | S91: =IF(N91>H91,N91,H91) -> 0 | W91: =IF(O91>E91,O91,E91) -> 0 | X91: =IF(P91>F91,P91,F91) -> 0
A92: 85 | B92: 85 | C92: Запорожская область** | D92: 0 | E92: 0 | F92: =E92/246 -> 0 | G92: =F92*1.305 -> 0 | H92: =IF(F92>$M$5,$M$5*1.305+(F92-$M$5)*1.155,F92*1.305) -> 0 | K92: =CONCATENATE(B92," ",C92) -> 85 Запорожская область** | L92: 0 | M92: =L92/164 -> 0 | N92: =((M92/29.3*28*100%/12)+M92)*1.305+M92*164*24/730*3/12/164 -> 0 | O92: =($L92/29.3*28/12)+$L92+$L92*24/730*3/12 -> 0 | P92: =($M92/29.3*28/12)+$M92+$M92*24/730*3/12 -> 0 | R92: =IF(N92>G92,N92,G92) -> 0 | S92: =IF(N92>H92,N92,H92) -> 0 | W92: =IF(O92>E92,O92,E92) -> 0 | X92: =IF(P92>F92,P92,F92) -> 0
B93: 84 | C93: Херсонская область** | D93: 0 | E93: 0 | F93: =E93/246 -> 0 | G93: =F93*1.305 -> 0 | H93: =IF(F93>$M$5,$M$5*1.305+(F93-$M$5)*1.155,F93*1.305) -> 0 | K93: =CONCATENATE(B93," ",C93) -> 84 Херсонская область** | L93: 0 | M93: =L93/164 -> 0 | N93: =((M93/29.3*28*100%/12)+M93)*1.305+M93*164*24/730*3/12/164 -> 0 | O93: =($L93/29.3*28/12)+$L93+$L93*24/730*3/12 -> 0 | P93: =($M93/29.3*28/12)+$M93+$M93*24/730*3/12 -> 0 | R93: =IF(N93>G93,N93,G93) -> 0 | S93: =IF(N93>H93,N93,H93) -> 0 | W93: =IF(O93>E93,O93,E93) -> 0 | X93: =IF(P93>F93,P93,F93) -> 0
B95: * | C95: ЕМИСС и МРОТ включают НДФЛ
B96: ** | C96: данные ЕМИСС пока отсутствуют

Sheet Калькуляция
B1: Наименование/ИНН подрядчика | C1: ООО "ПРИМЕР"
B2: Критерий коммерческого предприятия | C2: МСП
B3: Наименование/ИНН заказчика услуг, к которому относится объект
B4: Субъект РФ, в котором оказывается услуга | C4: 77 Город Москва
B5: Вид объекта | C5: Сети/Гипермаркеты
B6: Адрес объекта (индекс, город (населенный пункт), улица, дом (корпус, строение), офис | C6: г. Пример, ул. Пример, д. 8
B7: Площадь объекта (кв.м) | C7: 20000
B9: Калькуляция | D9: Срок контракта, мес. | E9: 12
B10: Наименование статьи затрат | F10: Итого выручка проекта среднемесячно, руб. | G10: Итого выручка проекта за весь период, руб. | H10: Доля в выручке без НДС, % | I10: Комментарии
B11: Расходы на оплату труда (см. лист "Расчет ФОТ") | F11: =SUM(F12,F13) -> 0 | G11: =SUM(G12,G13) -> 0 | H11: =IF($G$69=0,"",G11/$G$69)
B12: Зарплата, премии, компенсации, питание | F12: =G12/$E$9 -> 0 | G12: =SUM('Расчет ФОТ'!O7:S7)-'Расчет ФОТ'!T7 -> 0 | H12: =IF($G$69=0,"",G12/$G$69)
B13: Налоги на ФОТ | F13: =G13/$E$9 -> 0 | G13: =SUM(G14:G15) -> 0 | H13: =IF($G$69=0,"",G13/$G$69)
B14: НДФЛ | C14: 0.13 | F14: =G14/$E$9 -> 0 | G14: ='Расчет ФОТ'!T7 -> 0 | H14: =IF($G$69=0,"",G14/$G$69)
B15: Взнос в единый фонд пенсионного и социального страхования | C15: 0.305 | F15: =G15/$E$9 -> 0 | G15: ='Расчет ФОТ'!U7 -> 0 | H15: =IF($G$69=0,"",G15/$G$69)
B16: Расходные материалы | C16: Кол-во | D16: Цена покупки, руб. | F16: =SUM(F17:F20) -> 0 | G16: =SUM(G17:G20) -> 0 | H16: =IF($G$69=0,"",G16/$G$69)
B17: Расходные материалы (химия и РМ для уборки) | F17: =G17/$E$9 -> 0 | G17: =C17*D17 -> 0
B18: Расходные материалы (для уборки внешней территории) | F18: =G18/$E$9 -> 0 | G18: =C18*D18 -> 0
B19: Расходные материалы (прочие) | F19: =G19/$E$9 -> 0 | G19: =C19*D19 -> 0
B20: Расходные материалы (РМ для сан.зон) | F20: =G20/$E$9 -> 0 | G20: =C20*D20 -> 0
B21: Инвентарь | C21: Кол-во | D21: Цена покупки, руб. | F21: =SUM(F22:F29) -> 0 | G21: =SUM(G22:G29) -> 0 | H21: =IF($G$69=0,"",G21/$G$69)
B22: Инвентарь 1 | F22: =G22/$E$9 -> 0 | G22: =C22*D22 -> 0
B23: Инвентарь 2 | F23: =G23/$E$9 -> 0 | G23: =C23*D23 -> 0
B24: Инвентарь 3 | F24: =G24/$E$9 -> 0 | G24: =C24*D24 -> 0
B25: Инвентарь 4 | F25: =G25/$E$9 -> 0 | G25: =C25*D25 -> 0
B26: Инвентарь 5 | F26: =G26/$E$9 -> 0 | G26: =C26*D26 -> 0
B27: Инвентарь 6 | F27: =G27/$E$9 -> 0 | G27: =C27*D27 -> 0
B28: Инвентарь 7 | F28: =G28/$E$9 -> 0 | G28: =C28*D28 -> 0
B29: Инвентарь 8 | F29: =G29/$E$9 -> 0 | G29: =C29*D29 -> 0
B30: Спецодежда | C30: Кол-во | D30: Цена покупки, руб. | F30: =SUM(F31:F38) -> 0 | G30: =SUM(G31:G38) -> 0 | H30: =IF($G$69=0,"",G30/$G$69)
B31: Спецодежда 1 | F31: =G31/$E$9 -> 0 | G31: =C31*D31 -> 0
B32: Спецодежда 2 | F32: =G32/$E$9 -> 0 | G32: =C32*D32 -> 0
B33: Спецодежда 3 | F33: =G33/$E$9 -> 0 | G33: =C33*D33 -> 0
B34: Спецодежда 4 | F34: =G34/$E$9 -> 0 | G34: =C34*D34 -> 0
B35: Спецодежда 5 | F35: =G35/$E$9 -> 0 | G35: =C35*D35 -> 0
B36: Спецодежда 6 | F36: =G36/$E$9 -> 0 | G36: =C36*D36 -> 0
B37: Спецодежда 7 | F37: =G37/$E$9 -> 0 | G37: =C37*D37 -> 0
B38: Спецодежда 8 | F38: =G38/$E$9 -> 0 | G38: =C38*D38 -> 0
B39: Амортизация ОС | F39: =SUM(F41:F47) -> 0 | G39: =SUM(G41:G47) -> 0 | H39: =IF($G$69=0,"",G39/$G$69)
C40: Кол-во | D40: Цена покупки, руб. | E40: Срок амортизации (максимальный)
B41: Электрооборудование крупное - поломоечные машины различного типа (3 амортизационная группа) | E41: 60 | F41: =D41/E41*C41 -> 0 | G41: =F41*$E$9 -> 0
B42: Электрооборудование (пылесосы, пыле/водосос, экстракторы и т.п.) (1 амортизацонная группа) | E42: 24 | F42: =D42/E42*C42 -> 0 | G42: =F42*$E$9 -> 0
B43: электрооборудование среднее - однодисковые роторные машины в различных навесных модификациях, высокоскоростные роторные машины, специализированные машины для чистки ковров, эскалаторов, траволаторов и проч. (2 группа) | E43: 36 | F43: =D43/E43*C43 -> 0 | G43: =F43*$E$9 -> 0
B44: Механизация крупная (фронтальные погрузчики с навесным оборудованием более 1 куб.м., самосвалы грузоподъемностью более 10 тонн, автогрейдеры) 5 аморт.группа | E44: 84 | F44: =D44/E44*C44 -> 0 | G44: =F44*$E$9 -> 0
B45: Механизация средняя и малая производства СНГ и КНР (фронтальные погрузчики типа МТЗ до 1 куб.м., коммунальные машины для уборки дорог и тратуаров, паркингов, самосвалы до 10 тонн и проч.) 4 аморт.группа | E45: 84 | F45: =D45/E45*C45 -> 0 | G45: =F45*$E$9 -> 0
B46: Механизация средняя и малая западного производства (фронтальные погрузчики до 1 куб.м., коммунальные машины для уборки дорог и тротуаров, паркингов, самосвалы до 10 тонн и проч.) 4 аморт.группа | E46: 84 | F46: =D46/E46*C46 -> 0 | G46: =F46*$E$9 -> 0
B47: Механизация ручная (снегоочиститель шнековый, снегоуборчная машина щеточного типа, травокосилка, газонокосилка и проч.) 2 аморт.группа | E47: 36 | F47: =D47/E47*C47 -> 0 | G47: =F47*$E$9 -> 0
B48: Горюче-смазочные материалы (ГСМ) | F48: =G48/$E$9 -> 0 | G48: 0 | H48: =IF($G$69=0,"",G48/$G$69)
B49: Подрядные работы | C49: Кол-во | D49: Стоимость, руб. | F49: =SUM(F50:F54) -> 0 | G49: =SUM(G50:G54) -> 0 | H49: =IF($G$69=0,"",G49/$G$69)
B50: ковросервис | F50: =G50/$E$9 -> 0 | G50: =D50*C50 -> 0
B51: альп.работы | F51: =G51/$E$9 -> 0 | G51: =D51*C51 -> 0
B52: вывоз отходов | F52: =G52/$E$9 -> 0 | G52: =D52*C52 -> 0
B53: дератизация | F53: =G53/$E$9 -> 0 | G53: =D53*C53 -> 0
B54: вывоз снега | F54: =G54/$E$9 -> 0 | G54: =D54*C54 -> 0
B55: Эксплуатация и ремонт оборудования | F55: =G55/$E$9 -> 0 | G55: 0 | H55: =IF($G$69=0,"",G55/$G$69)
B56: Аренда оборудования и транспортных средств (ТС) | F56: =G56/$E$9 -> 0 | G56: 0 | H56: =IF($G$69=0,"",G56/$G$69)
B57: Расходы на СОУТ (новый объект), по охране труда (ОТ) и промышленной безопасности (ПБ) | F57: =G57/$E$9 -> 0 | G57: 0 | H57: =IF($G$69=0,"",G57/$G$69)
B58: Расходы на банковскую гарантию и обеспечение заявки, руб. | F58: =G58/$E$9 -> 0 | G58: 0 | H58: =IF($G$69=0,"",G58/$G$69)
B59: Транспортные расходы | F59: =G59/$E$9 -> 0 | G59: 0 | H59: =IF($G$69=0,"",G59/$G$69)
B60: Прочие расходы | F60: =G60/$E$9 -> 0 | G60: 0 | H60: =IF($G$69=0,"",G60/$G$69)
F61: =G61/$E$9 -> 0 | H61: =IF($G$69=0,"",G61/$G$69)
F62: =G62/$E$9 -> 0 | H62: =IF($G$69=0,"",G62/$G$69)
B63: Себестоимость (производственная) | F63: =SUM(F11,F16,F21,F30,F39,F48,F49,F55,F56,F57,F58,F59,F60,F61:F62) -> 0 | G63: =SUM(G11,G16,G21,G30,G39,G48,G49,G55,G56,G57,G58,G59,G60,G61:G62) -> 0 | H63: =IF($G$69=0,"",G63/$G$69)
B64: Накладные расходы | C64: Коэффициент накладных расходов | D64: 0.093 | E64: Количество дней отсрочки платежа | F64: =G64/$E$9 -> 0 | G64: =G63*D64 -> 0 | H64: =IF($G$69=0,"",G64/$G$69)
B65: Стоимость заемных средств (при отсрочке платежей от 30 календарных дней и более) | C65: Ставка по кредиту | D65: 0.21 | E65: 30 | F65: =G65/$E$9 -> 0 | G65: =-PMT(D65/12,$E$9,(G11+G16+G39+G48+G49+G55+G56+G57+G58+G59+G60+G61+G62)/365*E65+SUMPRODUCT(C41:C47,D41:D47)*1.2+G21*1.2+G30*1.2)*$E$9-((G11+G16+G39+G48+G49+G55+G56+G57+G58+G59+G60+G61+G62)/365*E65+SUMPRODUCT(C41:C47,D41:D47)*1.2+G21*1.2+G30*1.2) -> 0 | H65: =IF($G$69=0,"",G65/$G$69)
B66: Полная себестоимость (справочно) | F66: =SUM(F63:F65) -> 0 | G66: =SUM(G63:G65) -> 0 | H66: =IF($G$69=0,"",G66/$G$69)
B67: Вознаграждение | C67: Коэффициент расчета вознаграждения | D67: 0.032 | F67: =G67/$E$9 -> 0 | G67: =G66*D67 -> 0 | H67: =IF($G$69=0,"",G67/$G$69)
B68: Налог на прибыль (информационно) | C68: 0.25 | F68: =F67*C68 -> 0 | G68: =G67*C68 -> 0
B69: Стоимость без НДС | F69: =SUM(F66:F67) -> 0 | G69: =SUM(G66:G67) -> 0
B70: НДС | C70: 0.22 | F70: =C70*F69 -> 0 | G70: =C70*G69 -> 0
B71: Стоимость с НДС | F71: =SUM(F69:F70) -> 0 | G71: =SUM(G69:G70) -> 0

Sheet Расчет ФОТ
C2: Табелирование | J2: Заработная плата, руб. | P2: Надбавки и взносы с ФОТ, руб./период договора | V2: руб. за период договора | W2: руб. в месяц | X2: руб. в час | Y2: ЕМИСС -20% (не ниже МРОТ), руб. в час | Z2: % отклонения стоимости ч/ч от ЕМИСС в час- 20% (не ниже МРОТ)
J3: Заработная плата 1 сотр. НЕТТО (на руки) | M3: Заработная плата всех сотрудников
C4: Кол- во, чел. | D4: График и время работы | E4: Гражданство | F4: Кол-во рабочих часов в смену | G4: Кол-во рабочих смен в месяц | H4: Кол-во месяцев | I4: Кол-во рабочих часов итого | J4: в месяц | K4: в смену | L4: в час. | M4: НЕТТО (на руки) в месяц | N4: НЕТТО (на руки) за период договора | O4: с НДФЛ (к начислению) за период договора | P4: Оплата праздничных дней | Q4: Оплата отпускных дней | R4: Оплата питания | S4: Оплата больничных дней (3 дня) | T4: НДФЛ | U4: Взнос в единый фонд пенсионного и социального страхования | V4: Итого ФОТ (с учетом районных коэффициентов, северных надбавок, праздничных, отпускных и больничных дней, НДФЛ и страховых взносов)
U5: 0.305
B6: Расходы на оплату труда | V6: =SUM(V9:V210) -> 0
B7: Зарплата, премии, компенсации | I7: =SUM(I9:I210) -> 0 | N7: =SUM(N9:N210) -> 0 | O7: =SUM(O9:O210) -> 0 | P7: =SUM(P9:P210) -> 0 | Q7: =SUM(Q9:Q210) -> 0 | R7: =SUM(R9:R210) -> 0 | S7: =SUM(S9:S210) -> 0 | T7: =SUM(T9:T211) -> 0 | U7: =SUM(U9:U211) -> 0
I9: =H9*G9*F9*C9 -> 0 | K9: =IF(G9>0,J9/G9,) -> 0 | L9: =IF(F9>0,K9/F9,) -> 0 | M9: =C9*J9 -> 0 | N9: =M9*H9 -> 0 | O9: =N9/0.87 -> 0 | Q9: =IF(I9>0,(O9+P9)/I9/29.3*28*100%/12*I9,0) -> 0 | S9: =SUM(O9:R9)*2/730*3 -> 0 | T9: =SUM(O9:S9)*13% -> 0 | U9: =IF(O9>0,SUM('Расчет ФОТ'!O9:R9)*'Расчет ФОТ'!$U$5,0) -> 0 | V9: =SUM(O9:S9,U9:U9) -> 0 | W9: =IF(H9>0,V9/H9,0) -> 0 | X9: =IF(I9>0,V9/I9,) -> 0 | Y9: =IF(X9>0,IF(Калькуляция!$C$2='Статистическая ЗП'!$V$5,VLOOKUP(Калькуляция!$C$4,'Статистическая ЗП'!$K$5:$S$93,9,FALSE),VLOOKUP(Калькуляция!$C$4,'Статистическая ЗП'!$K$5:$S$93,8,FALSE)),"") | Z9: =IF(X9>0,(X9-Y9)/Y9,"") | AD9: =(3121)/12*H9*C9 -> 0
I10: =H10*G10*F10*C10 -> 0 | K10: =IF(G10>0,J10/G10,) -> 0 | L10: =IF(F10>0,K10/F10,) -> 0 | M10: =C10*J10 -> 0 | N10: =M10*H10 -> 0 | O10: =N10/0.87 -> 0 | P10: =IF(K10>0,K10/0.87*14/30*G10/12*H10*C10,) -> 0 | Q10: =IF(I10>0,(O10+P10)/I10/29.3*28*100%/12*I10,0) -> 0 | S10: =SUM(O10:R10)*2/730*3 -> 0 | T10: =SUM(O10:S10)*13% -> 0 | U10: =IF(O10>0,SUM('Расчет ФОТ'!O10:R10)*'Расчет ФОТ'!$U$5,0) -> 0 | V10: =SUM(O10:S10,U10:U10) -> 0 | W10: =IF(H10>0,V10/H10,0) -> 0 | X10: =IF(I10>0,V10/I10,) -> 0 | Y10: =IF(X10>0,IF(Калькуляция!$C$2='Статистическая ЗП'!$V$5,VLOOKUP(Калькуляция!$C$4,'Статистическая ЗП'!$K$5:$S$93,9,FALSE),VLOOKUP(Калькуляция!$C$4,'Статистическая ЗП'!$K$5:$S$93,8,FALSE)),"") | Z10: =IF(X10>0,(X10-Y10)/Y10,"") | AD10: =(3121)/12*H10*C10 -> 0
I11: =H11*G11*F11*C11 -> 0 | K11: =IF(G11>0,J11/G11,) -> 0 | L11: =IF(F11>0,K11/F11,) -> 0 | M11: =C11*J11 -> 0 | N11: =M11*H11 -> 0 | O11: =N11/0.87 -> 0 | P11: =IF(K11>0,K11/0.87*14/30*G11/12*H11*C11,) -> 0 | Q11: =IF(I11>0,(O11+P11)/I11/29.3*28*100%/12*I11,0) -> 0 | S11: =SUM(O11:R11)*2/730*3 -> 0 | T11: =SUM(O11:S11)*13% -> 0 | U11: =IF(O11>0,SUM('Расчет ФОТ'!O11:R11)*'Расчет ФОТ'!$U$5,0) -> 0 | V11: =SUM(O11:S11,U11:U11) -> 0 | W11: =IF(H11>0,V11/H11,0) -> 0 | X11: =IF(I11>0,V11/I11,) -> 0 | Y11: =IF(X11>0,IF(Калькуляция!$C$2='Статистическая ЗП'!$V$5,VLOOKUP(Калькуляция!$C$4,'Статистическая ЗП'!$K$5:$S$93,9,FALSE),VLOOKUP(Калькуляция!$C$4,'Статистическая ЗП'!$K$5:$S$93,8,FALSE)),"") | Z11: =IF(X11>0,(X11-Y11)/Y11,"") | AD11: =(3121)/12*H11*C11 -> 0
I12: =H12*G12*F12*C12 -> 0 | K12: =IF(G12>0,J12/G12,) -> 0 | L12: =IF(F12>0,K12/F12,) -> 0 | M12: =C12*J12 -> 0 | N12: =M12*H12 -> 0 | O12: =N12/0.87 -> 0 | P12: =IF(K12>0,K12/0.87*14/30*G12/12*H12*C12,) -> 0 | Q12: =IF(I12>0,(O12+P12)/I12/29.3*28*100%/12*I12,0) -> 0 | S12: =SUM(O12:R12)*2/730*3 -> 0 | T12: =SUM(O12:S12)*13% -> 0 | U12: =IF(O12>0,SUM('Расчет ФОТ'!O12:R12)*'Расчет ФОТ'!$U$5,0) -> 0 | V12: =SUM(O12:S12,U12:U12) -> 0 | W12: =IF(H12>0,V12/H12,0) -> 0 | X12: =IF(I12>0,V12/I12,) -> 0 | Y12: =IF(X12>0,IF(Калькуляция!$C$2='Статистическая ЗП'!$V$5,VLOOKUP(Калькуляция!$C$4,'Статистическая ЗП'!$K$5:$S$93,9,FALSE),VLOOKUP(Калькуляция!$C$4,'Статистическая ЗП'!$K$5:$S$93,8,FALSE)),"") | Z12: =IF(X12>0,(X12-Y12)/Y12,"") | AD12: =(3121)/12*H12*C12 -> 0
I13: =H13*G13*F13*C13 -> 0 | K13: =IF(G13>0,J13/G13,) -> 0 | L13: =IF(F13>0,K13/F13,) -> 0 | M13: =C13*J13 -> 0 | N13: =M13*H13 -> 0 | O13: =N13/0.87 -> 0 | P13: =IF(K13>0,K13/0.87*14/30*G13/12*H13*C13,) -> 0 | Q13: =IF(H13>0,(O13+P13)/H13/29.3*28*100%/12*H13,0) -> 0 | S13: =SUM(O13:R13)*2/730*3 -> 0 | T13: =SUM(O13:S13)*13% -> 0 | U13: =IF(O13>0,SUM('Расчет ФОТ'!O13:R13)*'Расчет ФОТ'!$U$5,0) -> 0 | V13: =SUM(O13:S13,U13:U13) -> 0 | W13: =IF(H13>0,V13/H13,0) -> 0 | X13: =IF(I13>0,V13/I13,) -> 0 | Y13: =IF(X13>0,IF(Калькуляция!$C$2='Статистическая ЗП'!$V$5,VLOOKUP(Калькуляция!$C$4,'Статистическая ЗП'!$K$5:$S$93,9,FALSE),VLOOKUP(Калькуляция!$C$4,'Статистическая ЗП'!$K$5:$S$93,8,FALSE)),"") | Z13: =IF(X13>0,(X13-Y13)/Y13,"") | AD13: =(3121)/12*H13*C13 -> 0
I14: =H14*G14*F14*C14 -> 0 | K14: =IF(G14>0,J14/G14,) -> 0 | L14: =IF(F14>0,K14/F14,) -> 0 | M14: =C14*J14 -> 0 | N14: =M14*H14 -> 0 | O14: =N14/0.87 -> 0 | P14: =IF(K14>0,K14/0.87*14/30*G14/12*H14*C14,) -> 0 | Q14: =IF(I14>0,(O14+P14)/I14/29.3*28*100%/12*I14,0) -> 0 | S14: =SUM(O14:R14)*2/730*3 -> 0 | T14: =SUM(O14:S14)*13% -> 0 | U14: =IF(O14>0,SUM('Расчет ФОТ'!O14:R14)*'Расчет ФОТ'!$U$5,0) -> 0 | V14: =SUM(O14:S14,U14:U14) -> 0 | W14: =IF(H14>0,V14/H14,0) -> 0 | X14: =IF(I14>0,V14/I14,) -> 0 | Y14: =IF(X14>0,IF(Калькуляция!$C$2='Статистическая ЗП'!$V$5,VLOOKUP(Калькуляция!$C$4,'Статистическая ЗП'!$K$5:$S$93,9,FALSE),VLOOKUP(Калькуляция!$C$4,'Статистическая ЗП'!$K$5:$S$93,8,FALSE)),"") | Z14: =IF(X14>0,(X14-Y14)/Y14,"") | AD14: =(3121)/12*H14*C14 -> 0
I15: =H15*G15*F15*C15 -> 0 | K15: =IF(G15>0,J15/G15,) -> 0 | L15: =IF(F15>0,K15/F15,) -> 0 | M15: =C15*J15 -> 0 | N15: =M15*H15 -> 0 | O15: =N15/0.87 -> 0 | P15: =IF(K15>0,K15/0.87*14/30*G15/12*H15*C15,) -> 0 | Q15: =IF(I15>0,(O15+P15)/I15/29.3*28*100%/12*I15,0) -> 0 | S15: =SUM(O15:R15)*2/730*3 -> 0 | T15: =SUM(O15:S15)*13% -> 0 | U15: =IF(O15>0,SUM('Расчет ФОТ'!O15:R15)*'Расчет ФОТ'!$U$5,0) -> 0 | V15: =SUM(O15:S15,U15:U15) -> 0 | W15: =IF(H15>0,V15/H15,0) -> 0 | X15: =IF(I15>0,V15/I15,) -> 0 | Y15: =IF(X15>0,IF(Калькуляция!$C$2='Статистическая ЗП'!$V$5,VLOOKUP(Калькуляция!$C$4,'Статистическая ЗП'!$K$5:$S$93,9,FALSE),VLOOKUP(Калькуляция!$C$4,'Статистическая ЗП'!$K$5:$S$93,8,FALSE)),"") | Z15: =IF(X15>0,(X15-Y15)/Y15,"") | AD15: =(3121)/12*H15*C15 -> 0
I16: =H16*G16*F16*C16 -> 0 | K16: =IF(G16>0,J16/G16,) -> 0 | L16: =IF(F16>0,K16/F16,) -> 0 | M16: =C16*J16 -> 0 | N16: =M16*H16 -> 0 | O16: =N16/0.87 -> 0 | P16: =IF(K16>0,K16/0.87*14/30*G16/12*H16*C16,) -> 0 | Q16: =IF(I16>0,(O16+P16)/I16/29.3*28*100%/12*I16,0) -> 0 | S16: =SUM(O16:R16)*2/730*3 -> 0 | T16: =SUM(O16:S16)*13% -> 0 | U16: =IF(O16>0,SUM('Расчет ФОТ'!O16:R16)*'Расчет ФОТ'!$U$5,0) -> 0 | V16: =SUM(O16:S16,U16:U16) -> 0 | W16: =IF(H16>0,V16/H16,0) -> 0 | X16: =IF(I16>0,V16/I16,) -> 0 | Y16: =IF(X16>0,IF(Калькуляция!$C$2='Статистическая ЗП'!$V$5,VLOOKUP(Калькуляция!$C$4,'Статистическая ЗП'!$K$5:$S$93,9,FALSE),VLOOKUP(Калькуляция!$C$4,'Статистическая ЗП'!$K$5:$S$93,8,FALSE)),"") | Z16: =IF(X16>0,(X16-Y16)/Y16,"") | AD16: =(3121)/12*H16*C16 -> 0
I17: =H17*G17*F17*C17 -> 0 | K17: =IF(G17>0,J17/G17,) -> 0 | L17: =IF(F17>0,K17/F17,) -> 0 | M17: =C17*J17 -> 0 | N17: =M17*H17 -> 0 | O17: =N17/0.87 -> 0 | P17: =IF(K17>0,K17/0.87*14/30*G17/12*H17*C17,) -> 0 | Q17: =IF(I17>0,(O17+P17)/I17/29.3*28*100%/12*I17,0) -> 0 | S17: =SUM(O17:R17)*2/730*3 -> 0 | T17: =SUM(O17:S17)*13% -> 0 | U17: =IF(O17>0,SUM('Расчет ФОТ'!O17:R17)*'Расчет ФОТ'!$U$5,0) -> 0 | V17: =SUM(O17:S17,U17:U17) -> 0 | W17: =IF(H17>0,V17/H17,0) -> 0 | X17: =IF(I17>0,V17/I17,) -> 0 | Y17: =IF(X17>0,IF(Калькуляция!$C$2='Статистическая ЗП'!$V$5,VLOOKUP(Калькуляция!$C$4,'Статистическая ЗП'!$K$5:$S$93,9,FALSE),VLOOKUP(Калькуляция!$C$4,'Статистическая ЗП'!$K$5:$S$93,8,FALSE)),"") | Z17: =IF(X17>0,(X17-Y17)/Y17,"") | AD17: =(3121)/12*H17*C17 -> 0
I18: =H18*G18*F18*C18 -> 0 | K18: =IF(G18>0,J18/G18,) -> 0 | L18: =IF(F18>0,K18/F18,) -> 0 | M18: =C18*J18 -> 0 | N18: =M18*H18 -> 0 | O18: =N18/0.87 -> 0 | P18: =IF(K18>0,K18/0.87*14/30*G18/12*H18*C18,) -> 0 | Q18: =IF(I18>0,(O18+P18)/I18/29.3*28*100%/12*I18,0) -> 0 | S18: =SUM(O18:R18)*2/730*3 -> 0 | T18: =SUM(O18:S18)*13% -> 0 | U18: =IF(O18>0,SUM('Расчет ФОТ'!O18:R18)*'Расчет ФОТ'!$U$5,0) -> 0 | V18: =SUM(O18:S18,U18:U18) -> 0 | W18: =IF(H18>0,V18/H18,0) -> 0 | X18: =IF(I18>0,V18/I18,) -> 0 | Y18: =IF(X18>0,IF(Калькуляция!$C$2='Статистическая ЗП'!$V$5,VLOOKUP(Калькуляция!$C$4,'Статистическая ЗП'!$K$5:$S$93,9,FALSE),VLOOKUP(Калькуляция!$C$4,'Статистическая ЗП'!$K$5:$S$93,8,FALSE)),"") | Z18: =IF(X18>0,(X18-Y18)/Y18,"") | AD18: =(3121)/12*H18*C18 -> 0
I19: =H19*G19*F19*C19 -> 0 | K19: =IF(G19>0,J19/G19,) -> 0 | L19: =IF(F19>0,K19/F19,) -> 0 | M19: =C19*J19 -> 0 | N19: =M19*H19 -> 0 | O19: =N19/0.87 -> 0 | P19: =IF(K19>0,K19/0.87*14/30*G19/12*H19*C19,) -> 0 | Q19: =IF(I19>0,(O19+P19)/I19/29.3*28*100%/12*I19,0) -> 0 | S19: =SUM(O19:R19)*2/730*3 -> 0 | T19: =SUM(O19:S19)*13% -> 0 | U19: =IF(O19>0,SUM('Расчет ФОТ'!O19:R19)*'Расчет ФОТ'!$U$5,0) -> 0 | V19: =SUM(O19:S19,U19:U19) -> 0 | W19: =IF(H19>0,V19/H19,0) -> 0 | X19: =IF(I19>0,V19/I19,) -> 0 | Y19: =IF(X19>0,IF(Калькуляция!$C$2='Статистическая ЗП'!$V$5,VLOOKUP(Калькуляция!$C$4,'Статистическая ЗП'!$K$5:$S$93,9,FALSE),VLOOKUP(Калькуляция!$C$4,'Статистическая ЗП'!$K$5:$S$93,8,FALSE)),"") | Z19: =IF(X19>0,(X19-Y19)/Y19,"") | AD19: =(3121)/12*H19*C19 -> 0
I20: =H20*G20*F20*C20 -> 0 | K20: =IF(G20>0,J20/G20,) -> 0 | L20: =IF(F20>0,K20/F20,) -> 0 | M20: =C20*J20 -> 0 | N20: =M20*H20 -> 0 | O20: =N20/0.87 -> 0 | P20: =IF(K20>0,K20/0.87*14/30*G20/12*H20*C20,) -> 0 | Q20: =IF(I20>0,(O20+P20)/I20/29.3*28*100%/12*I20,0) -> 0 | S20: =SUM(O20:R20)*2/730*3 -> 0 | T20: =SUM(O20:S20)*13% -> 0 | U20: =IF(O20>0,SUM('Расчет ФОТ'!O20:R20)*'Расчет ФОТ'!$U$5,0) -> 0 | V20: =SUM(O20:S20,U20:U20) -> 0 | W20: =IF(H20>0,V20/H20,0) -> 0 | X20: =IF(I20>0,V20/I20,) -> 0 | Y20: =IF(X20>0,IF(Калькуляция!$C$2='Статистическая ЗП'!$V$5,VLOOKUP(Калькуляция!$C$4,'Статистическая ЗП'!$K$5:$S$93,9,FALSE),VLOOKUP(Калькуляция!$C$4,'Статистическая ЗП'!$K$5:$S$93,8,FALSE)),"") | Z20: =IF(X20>0,(X20-Y20)/Y20,"") | AD20: =(3121)/12*H20*C20 -> 0
I21: =H21*G21*F21*C21 -> 0 | K21: =IF(G21>0,J21/G21,) -> 0 | L21: =IF(F21>0,K21/F21,) -> 0 | M21: =C21*J21 -> 0 | N21: =M21*H21 -> 0 | O21: =N21/0.87 -> 0 | P21: =IF(K21>0,K21/0.87*14/30*G21/12*H21*C21,) -> 0 | Q21: =IF(I21>0,(O21+P21)/I21/29.3*28*100%/12*I21,0) -> 0 | S21: =SUM(O21:R21)*2/730*3 -> 0 | T21: =SUM(O21:S21)*13% -> 0 | U21: =IF(O21>0,SUM('Расчет ФОТ'!O21:R21)*'Расчет ФОТ'!$U$5,0) -> 0 | V21: =SUM(O21:S21,U21:U21) -> 0 | W21: =IF(H21>0,V21/H21,0) -> 0 | X21: =IF(I21>0,V21/I21,) -> 0 | Y21: =IF(X21>0,IF(Калькуляция!$C$2='Статистическая ЗП'!$V$5,VLOOKUP(Калькуляция!$C$4,'Статистическая ЗП'!$K$5:$S$93,9,FALSE),VLOOKUP(Калькуляция!$C$4,'Статистическая ЗП'!$K$5:$S$93,8,FALSE)),"") | Z21: =IF(X21>0,(X21-Y21)/Y21,"") | AD21: =(3121)/12*H21*C21 -> 0
I22: =H22*G22*F22*C22 -> 0 | K22: =IF(G22>0,J22/G22,) -> 0 | L22: =IF(F22>0,K22/F22,) -> 0 | M22: =C22*J22 -> 0 | N22: =M22*H22 -> 0 | O22: =N22/0.87 -> 0 | P22: =IF(K22>0,K22/0.87*14/30*G22/12*H22*C22,) -> 0 | Q22: =IF(I22>0,(O22+P22)/I22/29.3*28*100%/12*I22,0) -> 0 | S22: =SUM(O22:R22)*2/730*3 -> 0 | T22: =SUM(O22:S22)*13% -> 0 | U22: =IF(O22>0,SUM('Расчет ФОТ'!O22:R22)*'Расчет ФОТ'!$U$5,0) -> 0 | V22: =SUM(O22:S22,U22:U22) -> 0 | W22: =IF(H22>0,V22/H22,0) -> 0 | X22: =IF(I22>0,V22/I22,) -> 0 | Y22: =IF(X22>0,IF(Калькуляция!$C$2='Статистическая ЗП'!$V$5,VLOOKUP(Калькуляция!$C$4,'Статистическая ЗП'!$K$5:$S$93,9,FALSE),VLOOKUP(Калькуляция!$C$4,'Статистическая ЗП'!$K$5:$S$93,8,FALSE)),"") | Z22: =IF(X22>0,(X22-Y22)/Y22,"") | AD22: =(3121)/12*H22*C22 -> 0
I23: =H23*G23*F23*C23 -> 0 | K23: =IF(G23>0,J23/G23,) -> 0 | L23: =IF(F23>0,K23/F23,) -> 0 | M23: =C23*J23 -> 0 | N23: =M23*H23 -> 0 | O23: =N23/0.87 -> 0 | P23: =IF(K23>0,K23/0.87*14/30*G23/12*H23*C23,) -> 0 | Q23: =IF(I23>0,(O23+P23)/I23/29.3*28*100%/12*I23,0) -> 0 | S23: =SUM(O23:R23)*2/730*3 -> 0 | T23: =SUM(O23:S23)*13% -> 0 | U23: =IF(O23>0,SUM('Расчет ФОТ'!O23:R23)*'Расчет ФОТ'!$U$5,0) -> 0 | V23: =SUM(O23:S23,U23:U23) -> 0 | W23: =IF(H23>0,V23/H23,0) -> 0 | X23: =IF(I23>0,V23/I23,) -> 0 | Y23: =IF(X23>0,IF(Калькуляция!$C$2='Статистическая ЗП'!$V$5,VLOOKUP(Калькуляция!$C$4,'Статистическая ЗП'!$K$5:$S$93,9,FALSE),VLOOKUP(Калькуляция!$C$4,'Статистическая ЗП'!$K$5:$S$93,8,FALSE)),"") | Z23: =IF(X23>0,(X23-Y23)/Y23,"") | AD23: =(3121)/12*H23*C23 -> 0
I24: =H24*G24*F24*C24 -> 0 | K24: =IF(G24>0,J24/G24,) -> 0 | L24: =IF(F24>0,K24/F24,) -> 0 | M24: =C24*J24 -> 0 | N24: =M24*H24 -> 0 | O24: =N24/0.87 -> 0 | P24: =IF(K24>0,K24/0.87*14/30*G24/12*H24*C24,) -> 0 | Q24: =IF(I24>0,(O24+P24)/I24/29.3*28*100%/12*I24,0) -> 0 | S24: =SUM(O24:R24)*2/730*3 -> 0 | T24: =SUM(O24:S24)*13% -> 0 | U24: =IF(O24>0,SUM('Расчет ФОТ'!O24:R24)*'Расчет ФОТ'!$U$5,0) -> 0 | V24: =SUM(O24:S24,U24:U24) -> 0 | W24: =IF(H24>0,V24/H24,0) -> 0 | X24: =IF(I24>0,V24/I24,) -> 0 | Y24: =IF(X24>0,IF(Калькуляция!$C$2='Статистическая ЗП'!$V$5,VLOOKUP(Калькуляция!$C$4,'Статистическая ЗП'!$K$5:$S$93,9,FALSE),VLOOKUP(Калькуляция!$C$4,'Статистическая ЗП'!$K$5:$S$93,8,FALSE)),"") | Z24: =IF(X24>0,(X24-Y24)/Y24,"") | AD24: =(3121)/12*H24*C24 -> 0
I25: =H25*G25*F25*C25 -> 0 | K25: =IF(G25>0,J25/G25,) -> 0 | L25: =IF(F25>0,K25/F25,) -> 0 | M25: =C25*J25 -> 0 | N25: =M25*H25 -> 0 | O25: =N25/0.87 -> 0 | P25: =IF(K25>0,K25/0.87*14/30*G25/12*H25*C25,) -> 0 | Q25: =IF(I25>0,(O25+P25)/I25/29.3*28*100%/12*I25,0) -> 0 | S25: =SUM(O25:R25)*2/730*3 -> 0 | T25: =SUM(O25:S25)*13% -> 0 | U25: =IF(O25>0,SUM('Расчет ФОТ'!O25:R25)*'Расчет ФОТ'!$U$5,0) -> 0 | V25: =SUM(O25:S25,U25:U25) -> 0 | W25: =IF(H25>0,V25/H25,0) -> 0 | X25: =IF(I25>0,V25/I25,) -> 0 | Y25: =IF(X25>0,IF(Калькуляция!$C$2='Статистическая ЗП'!$V$5,VLOOKUP(Калькуляция!$C$4,'Статистическая ЗП'!$K$5:$S$93,9,FALSE),VLOOKUP(Калькуляция!$C$4,'Статистическая ЗП'!$K$5:$S$93,8,FALSE)),"") | Z25: =IF(X25>0,(X25-Y25)/Y25,"") | AD25: =(3121)/12*H25*C25 -> 0
... I210: =H210*G210*F210*C210 -> 0 | K210: =IF(G210>0,J210/G210,) -> 0 | L210: =IF(F210>0,K210/F210,) -> 0 | M210: =C210*J210 -> 0 | N210: =M210*H210 -> 0 | O210: =N210/0.87 -> 0 | P210: =IF(K210>0,K210/0.87*14/30*G210/12*H210*C210,) -> 0 | Q210: =IF(I210>0,(O210+P210)/I210/29.3*28*100%/12*I210,0) -> 0 | S210: =SUM(O210:R210)*2/730*3 -> 0 | T210: =SUM(O210:S210)*13% -> 0 | U210: =IF(O210>0,SUM('Расчет ФОТ'!O210:R210)*'Расчет ФОТ'!$U$5,0) -> 0 | V210: =SUM(O210:S210,U210:U210) -> 0 | W210: =IF(H210>0,V210/H210,0) -> 0 | X210: =IF(I210>0,V210/I210,) -> 0 | Y210: =IF(X210>0,IF(Калькуляция!$C$2='Статистическая ЗП'!$V$5,VLOOKUP(Калькуляция!$C$4,'Статистическая ЗП'!$K$5:$S$93,9,FALSE),VLOOKUP(Калькуляция!$C$4,'Статистическая ЗП'!$K$5:$S$93,8,FALSE)),"") | Z210: =IF(X210>0,(X210-Y210)/Y210,"") | AD210: =(3121)/12*H210*C210 -> 0
B218: РФ
B219: Иностранцы (патент)
B220: Иностранцы (ЕАЭС)

Sheet Приложение к договору
B2: =Калькуляция!B1 -> Наименование/ИНН подрядчика | E2: =Калькуляция!C1 -> ООО "ПРИМЕР"
B3: =Калькуляция!B6 -> Адрес объекта (индекс, город (населенный пункт), улица, дом (корпус, строение), офис | E3: =Калькуляция!C6 -> г. Пример, ул. Пример, д. 8
B5: Расчетная стоимость услуги
B7: Наименование статьи затрат | C7: Стоимость, руб./мес. | D7: **Стоимость, руб./период договора | E7: Доля в выручке без НДС, %
B8: ФОТ | C8: =Калькуляция!F12 -> 0 | D8: =Калькуляция!G12 -> 0 | E8: =Калькуляция!H12
B9: Налоги на ФОТ | C9: =Калькуляция!F13 -> 0 | D9: =Калькуляция!G13 -> 0 | E9: =Калькуляция!H13
B10: Расходные материалы | C10: =Калькуляция!F16 -> 0 | D10: =Калькуляция!G16 -> 0 | E10: =Калькуляция!H16
B11: Инвентарь | C11: =Калькуляция!F21 -> 0 | D11: =Калькуляция!G21 -> 0 | E11: =Калькуляция!H21
B12: Спецодежда | C12: =Калькуляция!F30 -> 0 | D12: =Калькуляция!G30 -> 0 | E12: =Калькуляция!H30
B13: Амортизация ОС | C13: =Калькуляция!F39 -> 0 | D13: =Калькуляция!G39 -> 0 | E13: =Калькуляция!H39
B14: Горюче-смазочные материалы (ГСМ) | C14: =Калькуляция!F48 -> 0 | D14: =Калькуляция!G48 -> 0 | E14: =Калькуляция!H48
B15: Подрядные работы | C15: =Калькуляция!F49 -> 0 | D15: =Калькуляция!G49 -> 0 | E15: =Калькуляция!H49
B16: Прочие расходы | C16: =SUM(Калькуляция!F55:F62) -> 0 | D16: =SUM(Калькуляция!G55:G62) -> 0 | E16: =IF(Калькуляция!G69=0,"",SUM(Калькуляция!H55:H62))
B17: Накладные расходы | C17: =Калькуляция!F64 -> 0 | D17: =Калькуляция!G64 -> 0 | E17: =Калькуляция!H64
B18: Стоимость заемных средств | C18: =Калькуляция!F65 -> 0 | D18: =Калькуляция!G65 -> 0 | E18: =Калькуляция!H65
B19: Вознаграждение | C19: =Калькуляция!F67 -> 0 | D19: =Калькуляция!G67 -> 0 | E19: =Калькуляция!H67
B20: Налог на прибыль (информационно) | C20: =Калькуляция!F68 -> 0 | D20: =Калькуляция!G68 -> 0
B21: Стоимость без НДС | C21: =Калькуляция!F69 -> 0 | D21: =Калькуляция!G69 -> 0
B22: НДС | C22: =Калькуляция!F70 -> 0 | D22: =Калькуляция!G70 -> 0
B23: Стоимость с НДС | C23: =Калькуляция!F71 -> 0 | D23: =Калькуляция!G71 -> 0
B25: **Стоимость услуги за период договора= стоимость нормо-часа Х количество часов за период договора
B28: Расчетная стоимость трудового ресурса
B30: Табелирование | E30: Заработная плата 1 сотр. НЕТТО (на руки), руб. | H30: Надбавки, НДФЛ и взносы с ФОТ, руб./период договора | I30: Итого ФОТ (с учетом районных коэффициентов, северных надбавок, праздничных, отпускных и больничных дней, НДФЛ и страховых взносов), руб./ период договора
B31: Должность | C31: Кол- во, чел. | D31: Кол-во часов | E31: в месяц | F31: в смену | G31: в час
B32: ='Расчет ФОТ'!B9 -> 0 | C32: ='Расчет ФОТ'!C9 -> 0 | D32: ='Расчет ФОТ'!I9 -> 0 | E32: ='Расчет ФОТ'!J9 -> 0 | F32: ='Расчет ФОТ'!K9 -> 0 | G32: ='Расчет ФОТ'!L9 -> 0 | H32: ='Расчет ФОТ'!V9-'Расчет ФОТ'!N9 -> 0 | I32: ='Расчет ФОТ'!V9 -> 0
B33: ='Расчет ФОТ'!B10 -> 0 | C33: ='Расчет ФОТ'!C10 -> 0 | D33: ='Расчет ФОТ'!I10 -> 0 | E33: ='Расчет ФОТ'!J10 -> 0 | F33: ='Расчет ФОТ'!K10 -> 0 | G33: ='Расчет ФОТ'!L10 -> 0 | H33: ='Расчет ФОТ'!V10-'Расчет ФОТ'!N10 -> 0 | I33: ='Расчет ФОТ'!V10 -> 0
B34: ='Расчет ФОТ'!B11 -> 0 | C34: ='Расчет ФОТ'!C11 -> 0 | D34: ='Расчет ФОТ'!I11 -> 0 | E34: ='Расчет ФОТ'!J11 -> 0 | F34: ='Расчет ФОТ'!K11 -> 0 | G34: ='Расчет ФОТ'!L11 -> 0 | H34: ='Расчет ФОТ'!V11-'Расчет ФОТ'!N11 -> 0 | I34: ='Расчет ФОТ'!V11 -> 0
B35: ='Расчет ФОТ'!B12 -> 0 | C35: ='Расчет ФОТ'!C12 -> 0 | D35: ='Расчет ФОТ'!I12 -> 0 | E35: ='Расчет ФОТ'!J12 -> 0 | F35: ='Расчет ФОТ'!K12 -> 0 | G35: ='Расчет ФОТ'!L12 -> 0 | H35: ='Расчет ФОТ'!V12-'Расчет ФОТ'!N12 -> 0 | I35: ='Расчет ФОТ'!V12 -> 0
B36: ='Расчет ФОТ'!B13 -> 0 | C36: ='Расчет ФОТ'!C13 -> 0 | D36: ='Расчет ФОТ'!I13 -> 0 | E36: ='Расчет ФОТ'!J13 -> 0 | F36: ='Расчет ФОТ'!K13 -> 0 | G36: ='Расчет ФОТ'!L13 -> 0 | H36: ='Расчет ФОТ'!V13-'Расчет ФОТ'!N13 -> 0 | I36: ='Расчет ФОТ'!V13 -> 0
B37: ='Расчет ФОТ'!B14 -> 0 | C37: ='Расчет ФОТ'!C14 -> 0 | D37: ='Расчет ФОТ'!I14 -> 0 | E37: ='Расчет ФОТ'!J14 -> 0 | F37: ='Расчет ФОТ'!K14 -> 0 | G37: ='Расчет ФОТ'!L14 -> 0 | H37: ='Расчет ФОТ'!V14-'Расчет ФОТ'!N14 -> 0 | I37: ='Расчет ФОТ'!V14 -> 0
B38: ='Расчет ФОТ'!B15 -> 0 | C38: ='Расчет ФОТ'!C15 -> 0 | D38: ='Расчет ФОТ'!I15 -> 0 | E38: ='Расчет ФОТ'!J15 -> 0 | F38: ='Расчет ФОТ'!K15 -> 0 | G38: ='Расчет ФОТ'!L15 -> 0 | H38: ='Расчет ФОТ'!V15-'Расчет ФОТ'!N15 -> 0 | I38: ='Расчет ФОТ'!V15 -> 0
B39: ='Расчет ФОТ'!B16 -> 0 | C39: ='Расчет ФОТ'!C16 -> 0 | D39: ='Расчет ФОТ'!I16 -> 0 | E39: ='Расчет ФОТ'!J16 -> 0 | F39: ='Расчет ФОТ'!K16 -> 0 | G39: ='Расчет ФОТ'!L16 -> 0 | H39: ='Расчет ФОТ'!V16-'Расчет ФОТ'!N16 -> 0 | I39: ='Расчет ФОТ'!V16 -> 0
B40: ='Расчет ФОТ'!B17 -> 0 | C40: ='Расчет ФОТ'!C17 -> 0 | D40: ='Расчет ФОТ'!I17 -> 0 | E40: ='Расчет ФОТ'!J17 -> 0 | F40: ='Расчет ФОТ'!K17 -> 0 | G40: ='Расчет ФОТ'!L17 -> 0 | H40: ='Расчет ФОТ'!V17-'Расчет ФОТ'!N17 -> 0 | I40: ='Расчет ФОТ'!V17 -> 0
B41: ='Расчет ФОТ'!B18 -> 0 | C41: ='Расчет ФОТ'!C18 -> 0 | D41: ='Расчет ФОТ'!I18 -> 0 | E41: ='Расчет ФОТ'!J18 -> 0 | F41: ='Расчет ФОТ'!K18 -> 0 | G41: ='Расчет ФОТ'!L18 -> 0 | H41: ='Расчет ФОТ'!V18-'Расчет ФОТ'!N18 -> 0 | I41: ='Расчет ФОТ'!V18 -> 0
B42: ='Расчет ФОТ'!B19 -> 0 | C42: ='Расчет ФОТ'!C19 -> 0 | D42: ='Расчет ФОТ'!I19 -> 0 | E42: ='Расчет ФОТ'!J19 -> 0 | F42: ='Расчет ФОТ'!K19 -> 0 | G42: ='Расчет ФОТ'!L19 -> 0 | H42: ='Расчет ФОТ'!V19-'Расчет ФОТ'!N19 -> 0 | I42: ='Расчет ФОТ'!V19 -> 0
B43: ='Расчет ФОТ'!B20 -> 0 | C43: ='Расчет ФОТ'!C20 -> 0 | D43: ='Расчет ФОТ'!I20 -> 0 | E43: ='Расчет ФОТ'!J20 -> 0 | F43: ='Расчет ФОТ'!K20 -> 0 | G43: ='Расчет ФОТ'!L20 -> 0 | H43: ='Расчет ФОТ'!V20-'Расчет ФОТ'!N20 -> 0 | I43: ='Расчет ФОТ'!V20 -> 0
... B233: ='Расчет ФОТ'!B210 -> 0 | C233: ='Расчет ФОТ'!C210 -> 0 | D233: ='Расчет ФОТ'!I210 -> 0 | E233: ='Расчет ФОТ'!J210 -> 0 | F233: ='Расчет ФОТ'!K210 -> 0 | G233: ='Расчет ФОТ'!L210 -> 0 | H233: ='Расчет ФОТ'!V210-'Расчет ФОТ'!N210 -> 0 | I233: ='Расчет ФОТ'!V210 -> 0
